 Dungeon Crawl Stone Soup version 0.31-a0-466-g98c9adc2b6 (webtiles) character file.

Game seed: 8311172479442980013

648938 Xavori the Slayer (level 27, -4/164 HPs)
             Began as a Vine Stalker Chaos Knight on Aug 5, 2023.
             Was a Favourite Plaything of Xom.
             Slain by a tentacled monstrosity (8 damage)
             ... on level 4 of the Realm of Zot.
             The game lasted 02:04:38 (70795 turns).

Xavori the Slayer (Vine Stalker Chaos Knight)      Turns: 70795, Time: 02:04:38

Health: -4/164     AC: 48    Str: 33    XL:     27
Magic:  0/56       EV: 12    Int: 19    God:    Xom [...*..]
Gold:   5283       SH: 22    Dex: 19    Spells: 54/64 levels left

rFire   + + +        A - +9 sword of Zonguldrok {reap}
rCold   + + +        Z - +5 Storm Queen's Shield {shock, Fly rElec}
rNeg    + + +        p - +15 Maxwell's patent armour {-Cast -Tele rElec Will+ rCorr}
rPois   +            t - +1 helmet of Zoumutoa {rF- rN+++ Str+5}
rElec   +            W - +0 cloak "Hedwunof" {rF+ Will+ Str+4 Int+3}
rCorr   +            R - +2 pair of gloves of Tomorrow {rPois Will+}
SInv    .            w - +1 pair of boots {Stlth+}
Will    +++++        O - amulet of Eghuvvenko {RegenMP rF+ rC+ rCorr} Stlth
                     c - ring of Rig Vahuurgh {rElec AC+4 Slay+2}
HPRegen 1.27/turn    x - ring "Ovokauj" {MP+9 Str+2}
MPRegen 0.75/turn

%: no teleportation, no spellcasting, guardian spirit
@: on berserk cooldown, flying, slowed, constricted, studying 3 skills, very
slow
A: fangs 3, regeneration 1, magic shield, antimagic bite, no potion heal 2,
talons 1, clever 1, cold resistance 2, fire resistance 3, strong-willed 1, sense
surroundings 2, poison resistance
}: 4/15 runes: decaying, serpentine, slimy, silver
a: Renounce Religion


You were on level 4 of the Realm of Zot.
You worshipped Xom.
You were a favourite toy of Xom.
You visited 11 branches of the dungeon, and saw 54 of its levels.
You visited 1 bazaar.
You also visited: Trove, Sewer, Ossuary, Bailey, Gauntlet, Ice Cave and Wizlab.

You collected 12129 gold pieces.
You spent 6846 gold pieces at shops.

Inventory:

Hand Weapons
 A - the +9 sword of Zonguldrok (weapon) {reap}
   (You took it off a minotaur in a Gauntlet)
Armour
 l - the +8 plate armour of Insecurity {+Blink rF+ Dex+3 SInv}
   (You took it off an orc warrior in a bailey)

   Dex:       It affects your dexterity (+3).
   rF:        It protects you from fire.
   SInv:      It lets you see invisible.
   +Blink:    It lets you blink.
 m - the +9 plate armour of Distant Shores {rPois Will- Str+4 Dex+9}
   (You took it off a mummy priest in a wizard's laboratory)

   Str:       It affects your strength (+4).
   Dex:       It affects your dexterity (+9).
   rPois:     It protects you from poison.
   Will:      It decreases your willpower.
 p - the +15 Maxwell's patent armour (worn) {-Cast -Tele rElec Will+ rCorr}
   (You found it in a treasure trove)

   rElec:     It insulates you from electricity.
   -Cast:     It prevents spellcasting.
   -Tele:     It prevents most forms of teleportation.
   rCorr:     It protects you from acid and corrosion.
   Will:      It increases your willpower.
 t - the +1 helmet of Zoumutoa (worn) {rF- rN+++ Str+5}
   (You found it on level 5 of the Vaults)

   Str:       It affects your strength (+5).
   rF:        It makes you vulnerable to fire.
   rN:        It renders you almost immune to negative energy.
 w - a +1 pair of boots of stealth (worn)
 M - the +0 pair of gloves of Untimyan {rElec Str+2}
   (You found it in a bailey)

   Str:       It affects your strength (+2).
   rElec:     It insulates you from electricity.
 R - the +2 pair of gloves of Tomorrow (worn) {rPois Will+}
   (You found it in a treasure trove)

   rPois:     It protects you from poison.
   Will:      It increases your willpower.
 S - +10 gold dragon scales
 W - the +0 cloak "Hedwunof" (worn) {rF+ Will+ Str+4 Int+3}
   (You found it in a treasure trove)

   Str:       It affects your strength (+4).
   Int:       It affects your intelligence (+3).
   rF:        It protects you from fire.
   Will:      It increases your willpower.
 Z - the +5 Storm Queen's Shield (worn) {shock, Fly rElec}
   (You found it in a treasure trove)

   Shock:     When it blocks an attack, it may electrocute the attacker.
   This works even against foes who are a short distance away.
   rElec:     It insulates you from electricity.
   Fly:       It grants you flight.
Jewellery
 c - the ring of Rig Vahuurgh (left hand) {rElec AC+4 Slay+2}
   (You bought it in a shop on level 2 of the Orcish Mines)

   [ring of protection]

   AC:        It affects your AC (+4).
   Slay:      It affects your accuracy & damage with ranged weapons and melee
   (+2).
   rElec:     It insulates you from electricity.
 x - the ring "Ovokauj" (right hand) {MP+9 Str+2}
   (Xom gifted it to you on level 1 of the Crypt)

   [ring of magical power]

   Str:       It affects your strength (+2).
   MP:        It affects your magic capacity (+9).
 C - a ring of resist corrosion
 F - a ring of wizardry
 G - the amulet "Fotablen" {RegenMP rElec rPois}
   (You took it off a deep elf annihilator on level 3 of the Elven Halls)

   [amulet of magic regeneration]

   It increases your rate of magic regeneration.
   rElec:     It insulates you from electricity.
   rPois:     It protects you from poison.
 O - the amulet of Eghuvvenko (around neck) {RegenMP rF+ rC+ rCorr}
   (You found it in a Gauntlet)

   [amulet of magic regeneration]

   It increases your rate of magic regeneration.
   rF:        It protects you from fire.
   rC:        It protects you from cold.
   rCorr:     It protects you from acid and corrosion.
 V - an amulet of regeneration
 X - a ring of positive energy
 Y - the ring "Zatih" {Contam rN+ Will+ Str+4}
   (You found it in a Gauntlet)

   [ring of willpower]

   Str:       It affects your strength (+4).
   rN:        It protects you from negative energy.
   Contam:    It causes magical contamination when unequipped.
   Will:      It increases your willpower.
Talismans
 g - a talisman of death
Wands
 a - a wand of acid (13)
 y - a wand of iceblast (43)
 E - a wand of mindburst (26)
 K - a wand of digging (26)
Scrolls
 b - 2 scrolls of butterflies
 d - 6 scrolls of silence
 f - 13 scrolls of blinking
 h - 34 scrolls of teleportation
 i - 8 scrolls of fog
 n - 7 scrolls of immolation
 u - 8 scrolls of amnesia
 D - 4 scrolls of brand weapon
 H - 12 scrolls of poison
 J - a scroll of enchant armour
 L - 12 scrolls of fear
 T - 5 scrolls of enchant weapon
 U - 9 scrolls of revelation
Potions
 e - 8 potions of might
 j - 17 potions of curing
 k - 13 potions of degeneration
 o - 11 potions of mutation
 q - 8 potions of haste
 r - 5 potions of berserk rage
 s - 9 potions of invisibility
 v - 6 potions of enlightenment
 z - 6 potions of resistance
 B - 2 potions of magic
 I - 4 potions of cancellation
 N - 10 potions of brilliance
Miscellaneous
 P - a condenser vane
 Q - a phial of floods


   Skills:
 * Level 23.2 Fighting
 + Level 8.0(14.9) Short Blades
 + Level 19.6(20.1) Long Blades
 * Level 17.5 Armour
 + Level 10.8 Dodging
 - Level 6.8 Stealth
 + Level 21.5 Shields
 * Level 19.3 Spellcasting
 - Level 5.7 Hexes
 - Level 8.0 Translocations
 - Level 6.0 Air Magic
 - Level 9.2 Evocations
 - Level 0.2 Shapeshifting


You had 54 spell levels left.
You knew the following spells:

 Your Spells              Type           Power      Damage    Failure   Level
a - Swiftness             Air            41%        N/A       3%          3
b - Silence               Hex/Air        20%        N/A       32%         5
c - Blink                 Tloc           96%        N/A       1%          2

Your spell library contained the following spells:

 Spells                   Type           Power      Damage    Failure   Level
 Apportation              Tloc           96%        N/A       1%          1
 Slow                     Hex            100%       N/A       1%          1
 Lesser Beckoning         Tloc           96%        N/A       1%          2
 Gell's Gravitas          Tloc           48%        N/A       1%          3
 Teleport Other           Tloc           48%        N/A       1%          3
 Vhi's Electric Charge    Tloc/Air       90%        N/A       2%          3
 Shock                    Conj/Air       100%       1d9       3%          1
 Momentum Strike          Conj/Tloc      66%        3d9       3%          2
 Confusing Touch          Hex            40%        N/A       3%          3
 Tukima's Dance           Hex            40%        N/A       3%          3
 Passage of Golubria      Tloc           48%        N/A       4%          4
 Ensorcelled Hibernation  Hex/Ice        58%        N/A       6%          2
 Poisonous Vapours        Pois/Air       58%        N/A       6%          2
 Static Discharge         Conj/Air       58%        2-5/arc   6%          2
 Cigotuvi's Dreadful Rot  Necr/Pois/Air  52%        N/A       9%          2
 Dazzling Flash           Conj/Hex       58%        N/A       12%         3
 Inner Flame              Hex/Fire       29%        N/A       12%         3
 Freeze                   Ice            72%        1d8       13%         1
 Kiss of Death            Conj/Necr      72%        2d10      13%         1
 Magic Dart               Conj           72%        1d6       13%         1
 Necrotise                Necr           72%        1d7       13%         1
 Summon Small Mammal      Summ           72%        N/A       13%         1
 Cause Fear               Hex            20%        N/A       13%         4
 Mephitic Cloud           Conj/Pois/Air  26%        N/A       17%         3
 Call Imp                 Summ           36%        N/A       21%         2
 Passwall                 Tmut/Erth      15%        N/A       21%         2
 Sublimation of Blood     Necr           18%        N/A       21%         2
 Wereblood                Tmut           18%        N/A       21%         2
 Call Canine Familiar     Summ           18%        N/A       36%         3
 Frozen Ramparts          Ice            36%        1d6       36%         3
 Hailstorm                Conj/Ice       18%        3d6       36%         3
 Ignite Poison            Fire/Tmut/Pois 18%        N/A       36%         3
 Ozocubu's Armour         Ice            18%        N/A       36%         3
 Stone Arrow              Conj/Erth      36%        3d9       36%         3
 Vampiric Draining        Necr           18%        2d7       36%         3
 Summon Lightning Spire   Summ/Air       29%        N/A       36%         4
 Anguish                  Hex/Necr       14%        N/A       38%         4
 Leda's Liquefaction      Hex/Erth       14%        N/A       38%         4
 Summon Forest            Summ/Tloc      16%        N/A       56%         5
 Dispersal                Tloc           24%        N/A       58%         6
 Arcjolt                  Conj/Air       14%        1d24      71%         5
 Metabolic Englaciation   Hex/Ice        14%        N/A       75%         5
 Summon Mana Viper        Hex/Summ       29%        N/A       75%         5
 Yara's Violent Unravell  Hex/Tmut       14%        3d7       75%         5
 Animate Armour           Summ/Erth      36%        N/A       78%         4
 Animate Dead             Necr           18%        N/A       78%         4
 Dispel Undead            Necr           18%        3d11      78%         4
 Petrify                  Tmut/Erth      18%        N/A       78%         4
 Summon Ice Beast         Ice/Summ       18%        N/A       78%         4
 Freezing Cloud           Conj/Ice/Air   13%        6-21      85%         5
 Agony                    Necr           18%        N/A       98%         5
 Alistair's Intoxication  Tmut/Pois      12%        N/A       98%         5
 Borgnjor's Vile Clutch   Necr/Erth      9%         N/A       98%         5
 Fireball                 Conj/Fire      9%         3d6       98%         5
 Irradiate                Conj/Tmut      9%         3d14      98%         5
 Iskenderun's Battlesphe  Conj           18%        2d7       98%         5
 Lee's Rapid Deconstruct  Erth           9%         3d7*      98%         5
 Plasma Beam              Fire/Air       14%        2x1d25    99%         6
 Death Channel            Necr           9%         N/A       100%        6
 Eringya's Noxious Bog    Tmut/Pois      9%         4d6       100%        6
 Leda's Unmaking          Conj/Erth      9%         9d2       100%        6
 Simulacrum               Ice/Necr       9%         N/A       100%        6
 Summon Cactus Giant      Summ           9%         N/A       100%        6
 Haunt                    Necr/Summ      9%         N/A       100%        7
 Orb of Destruction       Conj           9%         9d6       100%        7
 Ozocubu's Refrigeration  Ice            9%         4d9       100%        7
 Spellforged Servitor     Conj/Summ      9%         N/A       100%        7
 Summon Hydra             Summ           9%         N/A       100%        7
 Lehudib's Crystal Spear  Conj/Erth      9%         10d4      100%        8
 Chain Lightning          Conj/Air       14%        3d19      100%        9
 Death's Door             Necr           9%         N/A       100%        9
 Dragon's Call            Summ           9%         N/A       100%        9
 Fire Storm               Conj/Fire      9%         8d2       100%        9
 Polar Vortex             Ice            9%         12d1*     100%        9


Dungeon Overview and Level Annotations

Branches:
Dungeon (15/15)            Temple (0/1) D:6            Lair (5/5) D:9
  Swamp (4/4) Lair:3        Snake (4/4) Lair:3        Slime (5/5) Lair:5
    Orc (2/2) D:10            Elf (3/3) Orc:2        Vaults (5/5) D:14
  Crypt (3/3) Vaults:3       Tomb (0/3) Crypt:3      Depths (4/4) D:15
    Zot (4/5) Depths:4      Sewer (visited)         Ossuary (visited)
 Bailey (visited)           IceCv (visited)          WizLab (visited)
Gauntlet (visited)

Altars:
Ashenzari
Kikubaaqudgha
Makhleb
Nemelex Xobeh
Qazlal
Ru
Sif Muna
Trog
Uskayaw
Xom
Zin
Jiyva

Shops:
D:2 [   D:6 !   D:8 *?(=   Orc:2 [?[=   Elf:1 :   Elf:2 (!?   Vaults:5 =

Portals:
Hell: Depths:1 Depths:2 Depths:3 Depths:4
Abyss: Crypt:1 Depths:1 Depths:3
Pandemonium: Depths:1 Depths:2
Ziggurat: Depths:4

Annotations:
D:13 1 runed translucent door


Innate Abilities, Weirdness & Mutations

You have razor-sharp teeth.
Your natural rate of healing is unusually fast.
When hurt, damage is shared between your health and your magic reserves.
Your bite disrupts and absorbs the magic of your enemies.
Potions cannot restore your health.
You have sharp toenails.
Your mind is acute. (Int +4, Str/Dex -1)
Your flesh is very cold resistant. (rC++)
Your flesh is almost immune to the effects of heat. (rF+++)
You are strong-willed. (Will+)
You passively map the area around you.
Your system is resistant to poisons. (rPois)


Message History

* * * LOW HITPOINT WARNING * * *
The bolt of lightning hits the electric golem.
The electric golem completely resists.
The bolt of lightning hits the moth of wrath!
The moth of wrath dies!
The death drake rages.
The tentacled monstrosity tentacle-slaps you!!
* * * LOW HITPOINT WARNING * * *
You block the tentacled monstrosity's attack.
The tentacled monstrosity tentacle-slaps you but does no damage.
The tentacled monstrosity constricts you.
You hear an angry hiss.
The electric golem hurls lightning at you.
The bolt of lightning hits you! You resist.
* * * LOW HITPOINT WARNING * * *
The bolt of lightning misses you.
The bolt of lightning hits the electric golem.
The electric golem completely resists.
You hear a roar!
Unknown command.
Unknown command.
You barely miss the tentacled monstrosity.
You bite the tentacled monstrosity! You drain its power.
You feel invigorated.
The tentacled monstrosity is almost dead.
The death drake rages.
The tentacled monstrosity tentacle-slaps you!
* * * LOW HITPOINT WARNING * * *
You block the tentacled monstrosity's attack.
The tentacled monstrosity tentacle-slaps you but does no damage.
The tentacled monstrosity constricts you.
The electric golem blinks!
The wind drake rages.
Unknown command.
Unknown command.
You slice the tentacled monstrosity!! You bite the tentacled monstrosity.
You drain its power.
You feel invigorated.
The tentacled monstrosity is almost dead.
The tentacled monstrosity tentacle-slaps you!
You die...
Xom guffaws!

..... #.<...#..., *
.....##...[.#... * *
...k..........# * ,** , ,
, .......^....## * * ,,,
* #...........# * ,,
#.d....d....### ,* ,
#..k§....†....# **, , ,
#..dd.y.#.###.# ,
######y###@# #.# ..#. , ,
........kdX.#
#.#######..., *
....###.#####
#Z##.......# ,, , .. #.<.
*####Z##.###...# , ,,
*#... #.............#, ,
,,∆.....##.............#,
, , ,
......#...^..........# ,
* ..#....#.####.......# *
....##* #. #.......#


You could see a tentacled monstrosity (berserk), a black draconian, a white
draconian (berserk) and a death drake (summoned, berserk).

Vanquished Creatures
  the Royal Jelly (Slime:5)
  3 dread liches
  4 ancient liches
  5 orbs of fire
  Mara (Depths:1)
  A juggernaut (Depths:4)
  The ghost of Igymira the Impregnable, a veteran MiGl of Hepliaklqana (Crypt:1)
  the Lernaean hydra (Swamp:4)
  Margery (Vaults:5)
  A curse toe (Zot:2)
  2 caustic shrikes (Depths:3)
  9 golden dragons
  Nikola (Snake:1)
  A bone dragon (Crypt:3)
  Norris (Depths:1)
  2 electric golems
  The ghost of Joiny the Slayer, a veteran GrGl of Hepliaklqana (Depths:4)
  A Hell Sentinel (Crypt:1)
  Zenata (Crypt:1)
  Rupert (D:13)
  11 tentacled monstrosities
  A walking earthen tome (Depths:2)
  Asterion (Vaults:1)
  7 liches
  A deep elf blademaster (Elf:3)
  6 quicksilver dragons
  3 deep elf master archers (Elf:3)
  12 acid blobs
  5 sphinxes
  10 titans
  10 death cobs
  2 ancient champions
  Kirke (D:12)
  A tentacled starspawn (Crypt:1)
  10 storm dragons
  8 tengu reavers
  Agnes (D:15)
  2 thorn hunters
  9 shadow dragons
  8 draconian monks
  A revenant (Crypt:3)
  An emperor scorpion (Snake:4)
  Aizul (Snake:2)
  5 rockslimes (Slime:5)
  A nagaraja (Snake:1)
  13 frost giants
  7 azure jellies (Slime:5)
  2 draconian knights
  3 draconian scorchers
  7 deep elf sorcerers (Elf:3)
  10 vault wardens
  2 iron dragons
  7 fire giants
  Louise (Swamp:1)
  2 ghost moths
  2 juggernaut zombies
  A cacodemon (Crypt:1)
  16 ironbound preservers
  4 deep elf elementalists (Elf:3)
  4 draconian stormcallers
  5 ghouls (Crypt:2)
  2 orc warlords
  3 spriggan defenders
  7 draconian annihilators
  A caustic shrike zombie (Crypt:3)
  2 curse skulls
  6 draconian shifters
  16 stone giants
  6 war gargoyles
  11 green draconians
  2 caustic shrike skeletons (Crypt:3)
  6 quicksilver oozes
  13 very ugly things
  3 formless jellyfish
  Nessos (D:15)
  2 vampire knights (Crypt:3)
  4 ironbound thunderhulks
  11 black draconians
  5 bunyips
  The ghost of IYTBazzie the Nimble, a journeyman SpFi of Jiyva (Swamp:1)
  16 deep elf annihilators
  8 deep elf demonologists
  5 eleionomae
  3 spectral titans (Depths:4)
  9 red draconians
  12 white draconians
  7 dire elephants
  12 purple draconians
  A minotaur (Gauntlet)
  4 eidola
  13 yellow draconians
  6 spark wasps
  A crystal guardian (Vaults:4)
  9 ettins
  Josephine (D:11)
  An entropy weaver (shapeshifter) (Elf:3)
  6 deep elf high priests
  4 entropy weavers
  5 mummy priests
  2 merfolk impalers (Depths:4)
  12 jiangshi
  11 deep elf death magi
  12 great orbs of eyes
  9 yaktaur captains
  Fannar (Orc:1)
  17 fire dragons
  12 ice dragons
  23 hydras
  A peacekeeper (Vaults:4)
  3 rakshasas
  2 spriggan skeletons (Crypt:3)
  An ogre mage (Vaults:5)
  6 salamander tyrants (Snake:4)
  Harold (D:10)
  4 spriggan air magi
  3 catoblepae
  31 vault guards
  9 anacondas
  4 boulder beetles
  A juggernaut simulacrum (Depths:4)
  2 ghost crabs
  4 ironbound frosthearts
  A jorogumo (D:11)
  9 centaur warriors
  13 naga warriors
  6 alligators
  3 death knights
  2 two-headed ogres
  2 deep troll shamans
  The ghost of Xavori the Carver, a novice DjCK of Xom (D:7)
  13 death yaks
  4 tengu warriors
  8 deep troll earth magi
  12 hell knights
  24 dancing weapons
  9 spriggan berserkers
  8 naga sharpshooters
  6 vampire magi
  4 shock serpents
  2 sun demons (Depths:1)
  A thrashing horror (Crypt:1)
  A storm dragon zombie (Vaults:5)
  4 salamander mystics
  2 titan skeletons
  21 deep elf knights
  51 skeletal warriors
  A fire crab (Gauntlet)
  4 iron trolls
  8 sea snakes
  6 flayed ghosts
  A death drake (Swamp:3)
  3 goliath frogs
  2 anaconda zombies
  4 spriggan druids
  9 glowing orange brains
  3 tengu zombies
  4 naga ritualists
  A harpy (shapeshifter) (D:14)
  12 swamp dragons
  A spriggan simulacrum (Crypt:2)
  An orange crystal statue (Gauntlet)
  14 ironbound convokers
  3 lindwurms
  A storm dragon skeleton (Crypt:3)
  3 bog bodies
  7 deep elf archers
  31 deep elf pyromancers
  13 necromancers
  A swamp dragon (shapeshifter) (Vaults:5)
  44 deep trolls
  2 sphinx zombies (WizLab)
  7 phantasmal warriors
  13 wizards
  11 orc knights
  3 tengu skeletons
  22 deep elf zephyrmancers
  2 wolf spiders (shapeshifter)
  A fire giant zombie (WizLab)
  5 cyclopes
  8 mana vipers
  An oklob plant (Lair:4)
  41 ugly things
  3 stone giant zombies
  A wolf spider (D:13)
  9 will-o-the-wisps
  17 moths of wrath
  2 manticores
  22 salamanders
  A spectral centaur (D:11)
  2 stone giant skeletons (Vaults:3)
  6 human skeletons (Vaults:3)
  2 iron dragon skeletons
  A smoke demon (Depths:1)
  An apocalypse crab (Crypt:1)
  A dire elephant zombie (Crypt:3)
  10 fire giant skeletons
  40 slime creatures
  3 elephants (Gauntlet)
  38 black mambas
  Maurice (D:11)
  4 guardian serpents (Snake:4)
  11 naga magi
  13 vault sentinels
  3 titan simulacra (Depths:4)
  6 torpor snails
  A torpor snail (shapeshifter) (Zot:1)
  2 eyes of devastation (Slime:5)
  2 naga skeletons
  13 cane toads
  An unseen horror (D:12)
  9 gargoyles
  A hellion (Depths:1)
  4 centaur skeletons
  6 komodo dragons
  A minotaur zombie (Crypt:2)
  17 yaktaurs
  2 human zombies
  An unseen horror (shapeshifter) (D:13)
  12 rime drakes
  3 spriggan zombies
  2 catoblepas zombies (Crypt:1)
  An ice devil (Depths:1)
  4 tengu conjurers (Depths:3)
  An alligator snapping turtle skeleton (Crypt:3)
  3 freezing wraiths
  A steelbarb worm zombie (Crypt:2)
  A harpy zombie (Crypt:3)
  3 guardian mummies (WizLab)
  An elf skeleton (Vaults:3)
  3 meliai (D:13)
  A yaktaur skeleton (Vaults:3)
  A queen bee (D:7)
  2 merfolk (shapeshifter)
  A troll (shapeshifter) (D:15)
  A merfolk (Swamp:3)
  A hornet (shapeshifter) (D:14)
  16 hornets
  6 trolls
  4 polar bears (IceCv)
  2 harpy skeletons (Crypt:3)
  13 tyrant leeches
  5 dream sheep (Lair:5)
  A hydra skeleton (Crypt:1)
  23 blink frogs
  A tarantella zombie (Crypt:2)
  A meliai zombie (D:11)
  2 jumping spiders
  An ettin zombie (WizLab)
  A stone giant simulacrum (Depths:4)
  5 shadows
  12 spriggans
  Sigmund (D:5)
  An air elemental (Elf:3)
  An ettin skeleton (Vaults:3)
  3 flying skulls (Crypt:2)
  A slime creature (shapeshifter) (Depths:4)
  48 yaks
  3 vampires
  7 fire dragon skeletons (Crypt:3)
  3 water elementals (Depths:4)
  A black mamba zombie (Lair:5)
  3 fire bats (Gauntlet)
  14 wraiths
  A wyvern (D:10)
  2 fire elementals
  6 basilisks
  A steam dragon (D:8)
  18 vampire mosquitoes
  3 redbacks
  18 humans (D:14)
  A redback (shapeshifter) (Depths:3)
  A hog (D:12)
  30 nagas
  Edmund (D:5)
  A swamp worm (shapeshifter) (Elf:3)
  2 harpy simulacra
  12 swamp worms
  3 wargs (D:15)
  Duvessa (D:4)
  7 water moccasins
  2 acid dragons
  A floating eye (Slime:5)
  3 hell hounds (D:15)
  3 glowing shapeshifter skeletons
  6 swamp drakes (Swamp:4)
  35 orc warriors
  A snapping turtle zombie (Crypt:2)
  3 ice beasts
  A black bear (D:6)
  8 ogres
  A manticore skeleton (Crypt:1)
  17 wolves
  2 blink frog skeletons
  19 centaurs
  3 phantoms
  5 elf zombies
  A kobold brigand (D:8)
  16 bullfrogs
  4 scorpions
  2 gnoll sergeants
  2 necrophages (Crypt:2)
  2 earth elementals (Elf:1)
  15 wights
  A raiju zombie (WizLab)
  Dowan (D:4)
  15 killer bees
  A killer bee (shapeshifter) (Elf:2)
  4 electric eels
  5 howler monkeys
  4 centaur zombies
  9 orc priests
  A human simulacrum (Vaults:3)
  Crazy Yiuf (D:5)
  2 hounds
  2 jellies (D:5)
  A bullfrog skeleton (Crypt:1)
  2 sleepcaps
  A scorpion zombie (Crypt:1)
  A boggart zombie (D:11)
  2 iguanas (D:5)
  11 orc wizards
  A lightning spire (Zot:3)
  A boggart skeleton (Crypt:2)
  6 ogre zombies (D:10)
  3 mummies
  A hound skeleton (Crypt:1)
  Robin (D:3)
  8 gnolls
  10 adders
  4 white imps
  An ufetubus (D:6)
  4 adder zombies (Ossuary)
  2 worms (D:2)
  2 dart slugs (D:1)
  66 orcs
  6 ball pythons
  8 bats
  11 endoplasms
  6 giant cockroaches
  15 goblins
  12 hobgoblins
  6 jackals
  11 kobolds
  2 quokkas
  5 frilled lizards (D:1)
  4 goblin skeletons (D:10)
  2 goblin zombies (Ossuary)
  3 hobgoblin skeletons (D:10)
  9 hobgoblin zombies
  8 kobold zombies (Ossuary)
  4 orc skeletons (D:10)
  19 orc zombies
  A quokka zombie (Crypt:2)
  3 rats
  A spectral weapon (Vaults:1)
2187 creatures vanquished.

Vanquished Creatures (collateral kills)
  Bai Suzhen (Depths:1)
  A caustic shrike (Depths:3)
  Saint Roka (Vaults:1)
  An electric golem (Zot:3)
  Mlioglotl (Swamp:1)
  4 tentacled monstrosities
  2 titans (Vaults:5)
  An acid blob (Slime:5)
  A thorn hunter (Swamp:4)
  A storm dragon (Depths:4)
  A rockslime (Slime:5)
  4 azure jellies (Slime:5)
  A draconian scorcher (Zot:1)
  3 frost giants
  A draconian stormcaller (Depths:4)
  An orc warlord (Vaults:1)
  A draconian annihilator (Depths:4)
  3 very ugly things
  2 ironbound preservers
  A quicksilver ooze (Slime:5)
  An ironbound thunderhulk (Vaults:2)
  A formless jellyfish (Vaults:4)
  Azrael (D:15)
  3 eleionomae
  A green draconian (Zot:3)
  A dire elephant (Vaults:4)
  A purple draconian (Depths:4)
  3 spark wasps
  3 white draconians (Depths:4)
  A bunyip (Swamp:1)
  2 red draconians (Depths:4)
  A deep elf death mage (Vaults:5)
  3 ettins
  A fire dragon (Depths:4)
  3 yaktaur captains
  2 great orbs of eyes
  2 deep elf high priests
  An ice dragon (Depths:4)
  A vault guard (Vaults:5)
  Erolcha (D:12)
  8 hydras
  An anaconda (Snake:1)
  An anaconda (shapeshifter) (Vaults:5)
  A boulder beetle (D:13)
  2 naga warriors (Snake:4)
  A dancing weapon (Elf:2)
  A centaur warrior (Vaults:2)
  2 deep troll shamans
  3 death yaks
  A deep troll earth mage (Vaults:5)
  2 naga sharpshooters
  A hell knight (Depths:1)
  A spriggan berserker (Depths:2)
  A deep elf knight (Elf:1)
  A skeletal warrior (Vaults:3)
  4 sea snakes
  A salamander mystic (Snake:2)
  4 goliath frogs
  A death drake (Swamp:1)
  A glowing orange brain (Depths:3)
  5 deep trolls
  2 deep elf archers (Elf:2)
  4 swamp dragons
  6 ironbound convokers
  3 harpies (Vaults:5)
  A phantasmal warrior (Vaults:5)
  3 necromancers
  A wizard (Depths:3)
  2 deep elf zephyrmancers
  2 mana vipers
  7 ugly things
  4 deep elf pyromancers
  3 salamanders
  A shining eye (Slime:5)
  A will-o-the-wisp (Swamp:4)
  A manticore (D:13)
  A moth of wrath (Zot:1)
  An ice statue (IceCv)
  4 vault sentinels
  2 black mambas
  A guardian serpent (Snake:2)
  A naga mage (Snake:2)
  A torpor snail (shapeshifter) (Vaults:5)
  A rime drake (Lair:5)
  3 yaktaurs (Vaults:4)
  A tengu conjurer (Depths:3)
  A polar bear (IceCv)
  A yaktaur skeleton (Vaults:5)
  A blink frog (Lair:2)
  A tarantella (shapeshifter) (Crypt:1)
  2 tyrant leeches
  2 dream sheep (Lair:5)
  2 spriggans (Swamp:4)
  9 slime creatures
  A hornet (Swamp:1)
  A spriggan (shapeshifter) (Vaults:5)
  2 water elementals (Depths:4)
  4 yaks (IceCv)
  2 fire elementals (D:15)
  2 humans (D:14)
  A redback (Vaults:3)
  3 vampire mosquitoes
  3 nagas
  A water moccasin (Lair:5)
  A hell hound (D:15)
  An orc warrior (Orc:2)
  A swamp drake (Swamp:4)
  A tengu (shapeshifter) (Vaults:5)
  2 centaurs (D:14)
  2 electric eels (Snake:2)
  A human simulacrum (Vaults:5)
  An orc priest (Vaults:1)
  A gnoll (Orc:2)
  An orc (Vaults:1)
  2 spectral weapons (Depths:1)
218 creatures vanquished.

Vanquished Creatures (others)
  A quicksilver dragon (Depths:4)
  A draconian knight (Zot:2)
  A ghost moth (Zot:4)
  A caustic shrike zombie (Depths:3)
  A jelly zombie (Slime:5)
  A draconian annihilator (Depths:3)
  A deep elf elementalist (Elf:3)
  A red draconian (Depths:4)
  3 very ugly thing zombies
  A fire dragon (Depths:3)
  2 acid blob zombies (Slime:5)
  2 quicksilver dragon zombies
  A deep elf high priest (Elf:3)
  A deep troll shaman (Depths:3)
  3 dancing weapons
  3 titan zombies (Vaults:5)
  A quicksilver ooze zombie (Slime:5)
  A hell knight (Vaults:5)
  A storm dragon zombie (Depths:4)
  2 golden dragon zombies
  A skeletal warrior (Crypt:1)
  A spark wasp zombie (Depths:4)
  A bunyip zombie (Swamp:4)
  7 spriggan zombies
  A sphinx zombie (Vaults:5)
  A shadow dragon zombie (Depths:4)
  A wizard (Vaults:2)
  2 tengu zombies
  2 stone giant zombies
  2 fire giant zombies
  6 draconian zombies
  A deep elf zephyrmancer (Elf:1)
  An iron dragon zombie (Vaults:5)
  8 ugly thing zombies
  2 frost giant zombies
  A moth of wrath (Zot:4)
  A shock serpent zombie (Snake:1)
  3 dire elephant zombies
  4 salamander zombies (Snake:4)
  A formless jellyfish zombie (Vaults:2)
  4 black draconian zombies
  A green draconian zombie (Depths:4)
  3 white draconian zombies
  2 yellow draconian zombies
  2 purple draconian zombies
  A swamp worm zombie (Swamp:4)
  A red draconian zombie (Zot:1)
  A sea snake zombie (Snake:2)
  3 bloated husks
  A death drake zombie (Swamp:1)
  2 mana viper zombies
  7 moth of wrath zombies
  An alligator zombie (Swamp:1)
  4 great orb of eyes zombies
  2 ice dragon zombies
  A merfolk zombie (Depths:4)
  3 guardian serpent zombies (Snake:4)
  A jumping spider zombie (Vaults:1)
  A meliai zombie (D:13)
  4 black mamba zombies
  4 slime creature zombies
  4 humans (D:12)
  6 deep troll zombies
  4 naga zombies
  An entropy weaver zombie (Elf:3)
  A lindwurm zombie (Zot:3)
  3 hornet zombies
  A blink frog zombie (Lair:5)
  17 elf zombies
  A ghost crab zombie (Swamp:4)
  2 swamp dragon zombies
  3 vampire mosquito zombies
  A torpor snail zombie (Zot:1)
  5 yaktaur zombies
  An apocalypse crab zombie (Crypt:1)
  A hell hound zombie (D:15)
  2 water moccasin zombies (Lair:5)
  2 yak zombies
  A warg zombie (D:15)
  A wolf zombie (Lair:4)
  7 centaur zombies
  16 human zombies
  A killer bee zombie (Elf:2)
  2 ogre zombies (Orc:2)
  A swamp drake zombie (Swamp:4)
  4 gnoll zombies
  21 orc zombies
  26 foxfires
  A lurking horror (Crypt:1)
  2 starspawn tentacles (Crypt:1)
263 creatures vanquished.

Grand Total: 2668 creatures vanquished

Notes
Turn   | Place    | Note
-------+----------+-------------------------------------------
     0 | D:1      | Xavori the Vine Stalker Chaos Knight began the quest for
                  | the Orb.
     0 | D:1      | Reached XP level 1. HP: 11/11 MP: 2/2
    93 | D:1      | Reached XP level 2. HP: 16/16 MP: 3/3
   129 | D:1      | Found a faded altar of an unknown god.
   182 | D:1      | Reached skill level 3 in Fighting
   231 | D:1      | XOM: silly message
   394 | D:1      | Reached XP level 3. HP: 16/20 MP: 3/5
   597 | D:1      | Reached skill level 1 in Spellcasting
   609 | D:1      | XOM: silly message
   785 | D:1      | XOM: divination: detect items
   888 | D:2      | XOM: smoke on damage
  1112 | D:1      | XOM: noise
  1427 | D:1      | XOM: divination: magic mapping
  1774 | D:1      | XOM: divination: detect items
  1807 | D:1      | XOM: silly message
  2597 | D:1      | XOM: cloud trail
  2627 | D:1      | XOM is BORED!
  3374 | D:1      | XOM: god gift: 56 gold pieces
  3967 | D:1      | XOM: cloud trail
  4086 | D:1      | XOM: god gift: 3 atropa-tipped darts
  4689 | D:1      | XOM: god gift: yellow potion {god gift}
  5169 | D:1      | XOM: god gift: fuming white potion {god gift}
  5467 | D:1      | XOM: god gift: 6 stones
  5940 | D:1      | XOM: silly message
  6476 | D:1      | XOM: scenery: create altars
  6587 | D:1      | XOM: divination: detect items
  7006 | D:1      | XOM: give mutation
  7006 | D:1      | Gained mutation: You possess an exceptional clarity of
                  | mind. [Xom's mischief]
  7079 | D:1      | XOM: torment (12/20 hp)
  7727 | D:1      | XOM is BORED!
  7727 | D:1      | XOM: stat loss: -1 Str (15/16)
  8677 | D:1      | XOM: silly message
  9033 | D:1      | XOM: god gift: murky amethyst potion {god gift}
  9294 | D:2      | Found Baeraetza's Antique Armour Shoppe.
  9353 | D:2      | XOM: divination: detect items
  9354 | D:2      | Gained mutation: Your natural rate of healing is unusually
                  | fast. [Vine Stalker growth]
  9354 | D:2      | Reached XP level 4. HP: 24/24 MP: 6/6
  9435 | D:2      | Reached skill level 1 in Stealth
  9748 | D:2      | XOM: noise
 10414 | D:3      | XOM: enchant monster (bad)
 10424 | D:3      | Reached XP level 5. HP: 28/28 MP: 6/8
 10449 | D:3      | Found a hide-covered altar of Uskayaw.
 10450 | D:3      | Found a sacrificial altar of Ru.
 10454 | D:3      | Found a burning altar of Makhleb.
 10662 | D:3      | Reached skill level 1 in Dodging
 10685 | D:3      | Noticed Robin
 10698 | D:3      | Killed Robin
 10831 | D:3      | XOM: 3-stop teleportation journey
 10895 | D:3      | Found a glowing drain.
 10925 | Sewer    | Entered a sewer
 11009 | Sewer    | Noticed Pargi
 11016 | Sewer    | XOM: scenery: summon butterflies
 11017 | Sewer    | Pargi changed into Pargi the ogre
 11017 | Sewer    | Noticed Pargi
 11018 | Sewer    | XOM: noise
 11022 | Sewer    | XOM: polymorph butterfly -> gnoll
 11033 | Sewer    | Killed Pargi the ogre
 11034 | Sewer    | Reached XP level 6. HP: 25/33 MP: 5/10
 11575 | D:2      | Bought a pair of glowing boots for 172 gold pieces
 11827 | D:2      | XOM: god gift: 34 gold pieces
 11989 | D:2      | XOM: give mutations
 11989 | D:2      | Gained mutation: You are frail. (-10% HP) [Xom's mischief]
 11989 | D:2      | Gained mutation: You are dopey. (Int -2) [Xom's mischief]
 11989 | D:2      | Lost mutation: You are dopey. (Int -2) [Xom's mischief]
 11989 | D:2      | Gained mutation: Your muscles are strong. (Str +4, Int/Dex
                  | -1) [Xom's mischief]
 12541 | D:2      | XOM: noise
 12816 | D:2      | XOM: give mutations
 12816 | D:2      | Gained mutation: You have large cloven feet. [Xom's
                  | mischief]
 12816 | D:2      | Gained mutation: Your system is resistant to poisons.
                  | (rPois) [Xom's mischief]
 12816 | D:2      | Gained mutation: You are vulnerable to heat. (rF-) [Xom's
                  | mischief]
 12816 | D:2      | Gained mutation: Your magical capacity is low. (-10% MP)
                  | [Xom's mischief]
 13250 | D:2      | XOM: noise
 13381 | D:2      | XOM: give mutation
 13381 | D:2      | Lost mutation: You are vulnerable to heat. (rF-) [Xom's
                  | mischief]
 13494 | D:2      | XOM: torment (19/29 hp)
 13692 | D:2      | XOM: summons 4 hostile demons
 13693 | D:2      | Noticed a chaos spawn
 13837 | D:3      | XOM: give mutation
 13837 | D:3      | Lost mutation: Your muscles are strong. (Str +4, Int/Dex
                  | -1) [Xom's mischief]
 13935 | D:2      | XOM is BORED!
 13935 | D:2      | XOM: noise
 13987 | D:2      | XOM: god gift: silver wand {god gift}
 14056 | D:2      | XOM: noise
 14260 | D:2      | XOM: noise
 14728 | D:2      | XOM is BORED!
 15095 | D:2      | XOM: cloud trail
 15601 | D:2      | XOM: silly message
 15628 | D:2      | XOM: scenery: 1 doors open
 16057 | D:2      | XOM: noise
 16127 | D:2      | XOM: noise
 16235 | D:2      | XOM: noise
 16311 | D:2      | XOM: silly message
 16928 | D:2      | XOM: scenery: 2 fountains blood, 1 doors close
 16932 | D:2      | XOM: give mutations
 16932 | D:2      | Lost mutation: Your system is resistant to poisons. (rPois)
                  | [Xom's mischief]
 16932 | D:2      | Gained mutation: You expend magic power (3 MP) to
                  | strengthen your wands. [Xom's mischief]
 16935 | D:2      | XOM: torment (19/29 hp)
 17431 | D:3      | XOM: give mutations
 17431 | D:3      | Gained mutation: Your muscles are strong. (Str +4, Int/Dex
                  | -1) [Xom's mischief]
 17431 | D:3      | Gained mutation: You occasionally lose the ability to drink
                  | potions when taking damage. [Xom's mischief]
 17431 | D:3      | Gained mutation: Your movements are slightly less
                  | encumbered by armour. (ER -2) [Xom's mischief]
 18008 | D:3      | XOM: summons 3 hostile shadow creatures
 18282 | D:3      | XOM is BORED!
 18282 | D:3      | XOM: summons 4 hostile demons
 18379 | D:4      | XOM: 3-stop teleportation journey
 18402 | D:4      | XOM: 2-stop teleportation journey
 18428 | D:4      | XOM: cloud trail
 18461 | D:4      | Noticed Dowan
 18464 | D:4      | Noticed Duvessa
 18473 | D:4      | Killed Duvessa
 18476 | D:4      | Killed Dowan
 18477 | D:4      | Reached XP level 7. HP: 33/33 MP: 8/11
 18982 | D:4      | XOM: 2-stop teleportation journey
 19083 | D:4      | XOM: cloud trail
 19220 | D:5      | Entered Level 5 of the Dungeon
 19452 | D:4      | XOM: give mutations
 19452 | D:4      | Gained mutation: You have hoof-like feet. [Xom's grace]
 19452 | D:4      | Gained mutation: You are agile. (Dex +4, Str/Int -1) [Xom's
                  | grace]
 19452 | D:4      | Gained mutation: You are somewhat resistant to further
                  | mutation. [Xom's grace]
 19452 | D:4      | Gained mutation: Your flesh is cold resistant. (rC+) [Xom's
                  | grace]
 19712 | D:4      | XOM: give mutations
 19712 | D:4      | Gained mutation: You passively map a small area around you.
                  | [Xom's grace]
 19712 | D:4      | Gained mutation: You heal very quickly. [Xom's grace]
 19712 | D:4      | Gained mutation: You have hooves in place of feet. [Xom's
                  | grace]
 19712 | D:4      | Gained mutation: You are strong-willed. (Will+) [Xom's
                  | grace]
 19735 | D:5      | XOM: enchant monster (good)
 19744 | D:5      | Reached skill level 4 in Fighting
 19744 | D:5      | Reached skill level 5 in Long Blades
 19818 | D:5      | XOM: confuse monster(s)
 19824 | D:5      | Gained mutation: You have razor-sharp teeth. [Vine Stalker
                  | growth]
 19824 | D:5      | Reached XP level 8. HP: 37/37 MP: 13/13
 19882 | D:5      | Noticed Sigmund
 19887 | D:5      | XOM: scenery: summon butterflies
 19895 | D:5      | Killed Sigmund
 19896 | D:5      | Reached skill level 1 in Shields
 20005 | D:5      | Noticed Edmund
 20011 | D:5      | XOM: divination: magic mapping
 20018 | D:5      | Killed Edmund
 20108 | D:5      | XOM: give mutations
 20108 | D:5      | Gained mutation: Your flesh is heat resistant. (rF+) [Xom's
                  | grace]
 20108 | D:5      | Gained mutation: You have a somewhat thin skeletal
                  | structure. (Dex +2, Stealth+) [Xom's grace]
 20115 | D:5      | XOM: smoke on damage
 20377 | D:5      | Found a runed translucent door.
 20378 | D:5      | Noticed Crazy Yiuf
 20385 | D:5      | Killed Crazy Yiuf
 20421 | D:5      | XOM: scenery: 1 doors close
 20576 | D:6      | Found a sand-covered staircase.
 20579 | D:6      | Reached skill level 5 in Stealth
 20581 | Ossuary  | Entered an ossuary
 20722 | Ossuary  | Reached skill level 1 in Short Blades
 20722 | Ossuary  | Reached XP level 9. HP: 41/41 MP: 15/15
 20750 | Ossuary  | XOM: god gift: worn iron wand {god gift}
 20962 | D:6      | XOM: cast spell 'Alistair's Intoxication'
 20976 | D:6      | Reached skill level 5 in Spellcasting
 20988 | D:6      | XOM: silly message
 20990 | D:6      | XOM: scenery: summon butterflies
 21082 | D:6      | Found Quebri's Distillery.
 21087 | D:6      | Bought a potion of berserk rage for 70 gold pieces
 21087 | D:6      | Bought a potion of degeneration for 14 gold pieces
 21256 | D:6      | Found a staircase to the Ecumenical Temple.
 21260 | D:6      | XOM: god gift: 9 gold pieces
 21479 | D:7      | Found a flagged portal.
 21491 | Bailey   | Entered a bailey
 21505 | Bailey   | XOM: cast spell 'Metabolic Englaciation'
 21508 | Bailey   | XOM: enchant monster (bad)
 21515 | Bailey   | XOM: enchant monster (good)
 21599 | Bailey   | Reached skill level 5 in Fighting
 21672 | Bailey   | Noticed an orc knight
 21701 | Bailey   | XOM: divination: magic mapping
 21734 | Bailey   | Killed an orc knight
 21749 | Bailey   | Reached XP level 10. HP: 40/45 MP: 4/18
 21864 | Bailey   | Identified the +8 plate armour of Insecurity {+Blink rF+
                  | Dex+3 SInv}
 21913 | Bailey   | Identified the +0 pair of gloves of Untimyan {rElec Str+2}
 21940 | Bailey   | Noticed an orc knight
 21967 | Bailey   | XOM: divination: magic mapping
 21979 | Bailey   | Killed an orc knight
 22162 | D:7      | Reached skill level 5 in Short Blades
 22175 | D:7      | XOM: 7-stop teleportation journey
 22224 | D:7      | Found a transporter.
 22229 | D:7      | Found a transporter.
 22232 | D:7      | Noticed Xavori's ghost (novice DjCK)
 22673 | D:7      | XOM: noise
 22679 | D:7      | XOM: silly message
 22686 | D:7      | XOM: cast spell 'Summon Ice Beast'
 22712 | D:7      | Killed Xavori's ghost
 22713 | D:7      | Reached skill level 6 in Fighting
 22801 | D:8      | Found Riginic's Assorted Antiques.
 22807 | D:8      | Bought a scroll of identify for 52 gold pieces
 22847 | D:8      | Found Zuiqife's Antique Weapon Shop.
 22989 | D:8      | XOM: scenery: 1 doors open
 23059 | D:8      | Found Lycakhy's Magic Scroll Boutique.
 23223 | D:8      | Found a sparkling altar of Nemelex Xobeh.
 23285 | D:8      | Found Teneonko's Jewellery Boutique.
 23294 | D:8      | XOM: god gift: clear potion {god gift}
 23457 | D:8      | Reached XP level 11. HP: 49/50 MP: 20/20
 23778 | D:9      | XOM: 1-stop teleportation journey
 23814 | D:9      | Reached skill level 5 in Armour
 23880 | D:9      | XOM: torment (33/50 hp)
 23899 | D:9      | XOM: divination: detect creatures
 24062 | D:9      | Got the Collected Works on Twisted Transformation
 24358 | D:9      | Noticed a two-headed ogre
 24375 | D:9      | Killed a two-headed ogre
 24470 | D:9      | Found a staircase to the Lair.
 24606 | D:10     | Entered Level 10 of the Dungeon
 24668 | D:10     | XOM: noise
 24713 | D:10     | Found a staircase to the Orcish Mines.
 24717 | D:10     | XOM: cast spell 'Dispersal'
 24852 | D:10     | Found a portal to a secret trove of treasure.
 25053 | D:6      | Bought a potion of resistance for 140 gold pieces
 25211 | D:10     | You paid a toll of 4 potions of resistance to enter a
                  | treasure trove
 25212 | Trove    | Entered a treasure trove
 25214 | Trove    | Found the +15 Maxwell's patent armour {-Cast -Tele rElec
                  | Will+ rCorr}
 25216 | Trove    | Identified the +2 pair of gloves of Tomorrow {rPois Will+}
 25217 | Trove    | Identified the +0 buckler of the True Pharaoh {rC+ Str-3
                  | Dex+2}
 25231 | Trove    | Identified the +0 cloak "Hedwunof" {rF+ Will+ Str+4 Int+3}
 25234 | Trove    | Identified the +0 scale mail of Altruism {*Slow rF+ rC+
                  | Dex+3}
 25235 | Trove    | Identified the -2 buckler "Xur Eninauso" {rPois}
 25238 | Trove    | Identified the +0 crystal plate armour "Jenest" {+Blink
                  | Str-5 Stlth+}
 25240 | Trove    | Identified the +5 plate armour of Fortitude {rElec rF++
                  | Regen+ Slay+3}
 25241 | Trove    | Identified the +3 ring mail of Absence {*Corrode Will+++
                  | Dex+2}
 25250 | Trove    | Found the +5 Storm Queen's Shield {shock, Fly rElec}
 25252 | Trove    | Identified the +0 buckler of Juiqoaca {Int+5}
 25253 | Trove    | Identified the +0 buckler "Qulucvoin" {Regen+ Str+3}
 25257 | Trove    | Identified the +2 crystal plate armour of the Realm of Zot
                  | {rElec rPois rC- Will+++}
 25406 | D:10     | Reached skill level 5 in Shields
 25413 | D:10     | Identified a scroll of acquirement
 25413 | D:10     | Acquired 673 gold pieces
 25587 | D:10     | Noticed Harold
 25593 | D:10     | XOM: divination: detect items
 25596 | D:10     | XOM: noise
 25601 | D:10     | Killed Harold
 25668 | D:10     | XOM: chaos cloud
 25979 | Orc:1    | Entered Level 1 of the Orcish Mines
 25986 | Orc:1    | Reached XP level 12. HP: 55/55 MP: 20/22
 26074 | Orc:1    | Noticed Fannar
 26088 | Orc:1    | XOM: scenery: summon butterflies
 26092 | Orc:1    | XOM: potion effect (invisibility)
 26100 | Orc:1    | Killed Fannar
 26173 | Orc:1    | XOM: silly message
 26346 | D:8      | XOM: divination: detect creatures
 26348 | D:8      | Bought a scroll of acquirement for 728 gold pieces
 26348 | D:8      | Acquired 990 gold pieces
 26350 | D:8      | Bought a scroll of acquirement for 728 gold pieces
 26350 | D:8      | Bought a scroll of teleportation for 42 gold pieces
 26350 | D:8      | Bought a scroll of blinking for 105 gold pieces
 26350 | D:8      | Bought a scroll of teleportation for 42 gold pieces
 26350 | D:8      | Bought a scroll of teleportation for 42 gold pieces
 26350 | D:8      | Bought a scroll of fear for 56 gold pieces
 26350 | D:8      | Acquired a manual of Shields
 26432 | D:11     | Noticed a boulder beetle
 26437 | D:11     | a boulder beetle changed into a jorogumo
 26437 | D:11     | Noticed a jorogumo
 26437 | D:11     | XOM: polymorph boulder beetle -> jorogumo
 26441 | D:11     | XOM: noise
 26447 | D:11     | Killed a jorogumo
 26473 | D:11     | XOM: summons friendly shadow imp
 26497 | D:11     | XOM: summons 7 friendly demons
 26503 | D:11     | Noticed a two-headed ogre
 26503 | D:11     | Noticed Josephine
 26503 | D:11     | XOM: 4-stop teleportation journey
 26601 | D:11     | Noticed Maurice
 26614 | D:11     | Killed Maurice
 26636 | D:11     | XOM: 1-stop teleportation journey
 26686 | D:11     | XOM: potion effect (might)
 26688 | D:11     | Killed a two-headed ogre
 26851 | D:11     | XOM: fog
 26882 | D:11     | XOM: summons friendly shadow imp
 26885 | D:11     | XOM: confuse monster(s)
 26888 | D:11     | XOM: blink monster(s)
 26959 | D:11     | XOM: destruction
 26963 | D:11     | XOM: potion effect (berserk rage)
 26968 | D:11     | Killed Josephine
 27159 | D:11     | XOM: silly message
 27166 | D:11     | XOM: silly message
 27174 | D:11     | XOM: chaos upgrade
 27203 | D:11     | XOM: scenery: 1 doors close
 27219 | D:11     | Reached skill level 7 in Fighting
 27304 | D:8      | Bought a runed scimitar for 182 gold pieces
 27325 | D:8      | Bought a glowing long sword for 234 gold pieces
 27410 | Lair:1   | Entered Level 1 of the Lair of Beasts
 27482 | Lair:1   | Reached XP level 13. HP: 60/60 MP: 24/24
 27516 | Lair:1   | XOM: draining
 27586 | Lair:1   | XOM: polymorph komodo dragon -> manticore
 27647 | Lair:1   | XOM: fog
 27736 | Lair:1   | XOM: scenery: 1 doors open
 27904 | Lair:1   | XOM: scenery: 1 doors close
 28116 | Lair:2   | Found a frozen archway.
 28124 | Lair:2   | Reached skill level 1 in Evocations
 28135 | IceCv    | Entered an ice cave
 28136 | IceCv    | XOM: summons friendly shadow imp
 28283 | IceCv    | Noticed a frost giant
 28296 | IceCv    | Killed a frost giant
 28337 | IceCv    | XOM: give mutations
 28337 | IceCv    | Gained mutation: You are partially covered in iridescent
                  | scales. (AC +2) [Xom's grace]
 28337 | IceCv    | Gained mutation: Your flesh is very heat resistant. (rF++)
                  | [Xom's grace]
 28337 | IceCv    | Gained mutation: You are very agile. (Dex +8, Str/Int -2)
                  | [Xom's grace]
 28345 | IceCv    | Reached skill level 5 in Dodging
 28538 | IceCv    | Got the Volume of the Icicle
 28619 | Lair:2   | XOM: destruction
 28621 | Lair:2   | Reached skill level 10 in Spellcasting
 28744 | Lair:2   | XOM: scenery: summon butterflies
 28751 | Lair:2   | XOM: summons 6 friendly demons
 28758 | Lair:2   | Reached skill level 10 in Shields
 29103 | Lair:2   | XOM: enchant monster (bad)
 29106 | Lair:2   | Reached XP level 14. HP: 56/64 MP: 22/26
 29106 | Lair:2   | XOM: destruction
 29201 | Lair:2   | Identified the +0 chain mail of Liberty {rN+}
 29357 | Lair:3   | Found a transporter.
 29386 | Lair:3   | XOM: enchant monster (bad)
 29391 | Lair:3   | XOM: confuse monster(s)
 29392 | Lair:3   | XOM: cast spell 'Monstrous Menagerie'
 29521 | Lair:3   | Found a transporter.
 29566 | Lair:3   | XOM: summons friendly white imp
 29570 | Lair:3   | XOM: confuse monster(s)
 29622 | Lair:3   | Got the Tome of Doomed Weather
 29896 | Lair:3   | XOM: 3-stop teleportation journey
 29956 | Lair:3   | Found a staircase to the Swamp.
 30088 | Lair:3   | Found a staircase to the Snake Pit.
 30173 | Lair:4   | Found a gate leading to a gauntlet.
 30192 | Gauntlet | Entered a Gauntlet
 30192 | Gauntlet | Found a transporter.
 30192 | Gauntlet | Found a transporter.
 30192 | Gauntlet | Found a transporter.
 30202 | Gauntlet | Found a transporter.
 30205 | Gauntlet | Found a transporter.
 30213 | Gauntlet | Found a transporter.
 30216 | Gauntlet | Found a transporter.
 30224 | Gauntlet | Found a transporter.
 30242 | Gauntlet | Found a transporter.
 30259 | Gauntlet | Found a transporter.
 30262 | Gauntlet | Found a transporter.
 30278 | Gauntlet | Found a transporter.
 30394 | Gauntlet | Identified the ring "Zatih" {Contam rN+ Will+ Str+4}
 30432 | Gauntlet | Identified the amulet of Eghuvvenko {RegenMP rF+ rC+ rCorr}
 30432 | Gauntlet | Identified the +3 leather armour "Enwix" {Harm rF+++
                  | Slay-2}
 30480 | Lair:4   | XOM: confuse monster(s)
 30621 | Lair:4   | XOM: noise
 30629 | Lair:4   | XOM: cleaving
 30633 | Lair:4   | Reached skill level 8 in Fighting
 30641 | Lair:4   | XOM: 5-stop teleportation journey
 30742 | Lair:4   | XOM: 2-stop teleportation journey
 31289 | Lair:5   | Entered Level 5 of the Lair of Beasts
 31355 | Lair:5   | XOM: summons 1 hostile demon
 31417 | Lair:5   | XOM: give mutations
 31417 | Lair:5   | Lost mutation: Your flesh is cold resistant. (rC+) [Xom's
                  | mischief]
 31417 | Lair:5   | Lost mutation: You passively map a small area around you.
                  | [Xom's mischief]
 31485 | Lair:5   | XOM: god gift: short sword {god gift}
 31489 | Lair:5   | Reached skill level 10 in Armour
 31586 | Lair:5   | Reached XP level 15. HP: 69/69 MP: 27/27
 31629 | Lair:5   | Reached skill level 5 in Evocations
 31699 | Lair:5   | Found a staircase to the Slime Pits.
 31895 | Lair:5   | XOM: give mutation
 31895 | Lair:5   | Gained mutation: You are partially covered in large bone
                  | plates. (SH +4) [Xom's grace]
 31976 | Lair:5   | Found a runed translucent door.
 32004 | Lair:5   | XOM: confuse monster(s)
 32091 | Lair:5   | XOM: give mutations
 32091 | Lair:5   | Lost mutation: You are somewhat resistant to further
                  | mutation. [Xom's mischief]
 32091 | Lair:5   | Lost mutation: Your movements are slightly less encumbered
                  | by armour. (ER -2) [Xom's mischief]
 32091 | Lair:5   | Lost mutation: You occasionally lose the ability to drink
                  | potions when taking damage. [Xom's mischief]
 32257 | Lair:4   | XOM: scenery: create altars
 32440 | Orc:2    | Entered Level 2 of the Orcish Mines
 32461 | Orc:2    | XOM: cloud trail
 32490 | Orc:2    | XOM: swap monsters
 32562 | Orc:2    | Found a staircase to the Elven Halls.
 32703 | Orc:2    | XOM: divination: detect creatures
 32717 | Orc:2    | XOM: enchant monster (bad)
 32791 | Orc:2    | Found Ughathruto's Antique Armour Boutique.
 32791 | Orc:2    | Found Laownaz's Magic Scroll Shoppe.
 32791 | Orc:2    | Found Zoceon's Antique Armour Emporium.
 32798 | Orc:2    | Found Cyuhein's Jewellery Shop.
 32804 | Orc:2    | Bought a scroll of identify for 32 gold pieces
 32804 | Orc:2    | Bought a scroll of identify for 32 gold pieces
 32809 | Orc:2    | Bought the ring of Rig Vahuurgh {rElec AC+4 Slay+2} for 876
                  | gold pieces
 32819 | Orc:2    | Reached skill level 10 in Long Blades
 33166 | D:12     | Noticed Kirke
 33170 | D:12     | Killed Kirke
 33170 | D:12     | Noticed Erolcha
 33173 | D:12     | Killed Erolcha
 33756 | D:13     | XOM: give mutations
 33756 | D:13     | Lost mutation: You are very agile. (Dex +8, Str/Int -2)
                  | [Xom's mischief]
 33756 | D:13     | Lost mutation: You are agile. (Dex +4, Str/Int -1) [Xom's
                  | mischief]
 33756 | D:13     | Lost mutation: You are frail. (-10% HP) [Xom's mischief]
 33756 | D:13     | Lost mutation: You are partially covered in large bone
                  | plates. (SH +4) [Xom's mischief]
 33820 | D:13     | Noticed Rupert
 33832 | D:13     | Killed Rupert
 33914 | D:13     | Found a runed translucent door.
 33991 | D:13     | Reached skill level 9 in Fighting
 34111 | D:13     | XOM: 4-stop teleportation journey
 34147 | D:13     | Reached XP level 16. HP: 83/84 MP: 27/29
 34162 | D:13     | Identified the +1 short sword of Enkar {antimagic, rElec
                  | rPois Int+3 Dex+4}
 34211 | D:13     | Found a runed translucent door.
 34299 | D:13     | Found a broken altar of Ashenzari.
 34509 | D:13     | Acquired the +3 pair of gloves "Fulufubbor" {Will+}
 34608 | D:14     | XOM: noise
 34630 | D:14     | XOM: summons 11 friendly demons
 34662 | D:14     | Found a gate to the Vaults.
 34710 | D:14     | XOM: 3-stop teleportation journey
 34718 | D:14     | XOM: confuse monster(s)
 34953 | D:14     | XOM: 2-stop teleportation journey
 35106 | D:14     | Found a shimmering blue altar of Sif Muna.
 35224 | D:14     | XOM: give mutations
 35224 | D:14     | Lost mutation: You heal very quickly. [Xom's mischief]
 35224 | D:14     | Lost mutation: You are partially covered in iridescent
                  | scales. (AC +2) [Xom's mischief]
 35224 | D:14     | Lost mutation: You are strong-willed. (Will+) [Xom's
                  | mischief]
 35224 | D:14     | Lost mutation: Your flesh is very heat resistant. (rF++)
                  | [Xom's mischief]
 35236 | D:14     | Found a glowing silver altar of Zin.
 35423 | D:15     | Entered Level 15 of the Dungeon
 35461 | D:15     | XOM: 4-stop teleportation journey
 35589 | D:15     | XOM: blink monster(s)
 35630 | D:15     | Noticed Agnes
 35632 | D:15     | XOM: summons 6 hostile demons
 35632 | D:15     | Noticed Azrael
 35637 | D:15     | XOM: blink monster(s)
 35639 | D:15     | Killed Agnes
 35646 | D:15     | Killed Azrael
 35697 | D:15     | XOM: 2-stop teleportation journey
 35707 | D:15     | Your ally Agnes died
 35738 | D:15     | XOM: draining
 35742 | D:15     | Noticed Nessos
 35753 | D:15     | Killed Nessos
 35900 | D:15     | XOM: give mutations
 35900 | D:15     | Gained mutation: Armour fits poorly on your strangely
                  | shaped body. [Xom's mischief]
 35900 | D:15     | Lost mutation: You have hooves in place of feet. [Xom's
                  | mischief]
 35922 | D:15     | XOM: summons 2 hostile shadow creatures
 35940 | D:15     | XOM: swap monsters
 35997 | D:15     | XOM: polymorph slime creature -> sea snake
 36316 | D:15     | Found a staircase to the Depths.
 36602 | Snake:1  | Entered Level 1 of the Snake Pit
 36618 | Snake:1  | Reached skill level 10 in Fighting
 36668 | Snake:1  | Reached XP level 17. HP: 83/89 MP: 26/30
 36720 | Snake:1  | XOM: cast spell 'Summon Ice Beast'
 36747 | Snake:1  | XOM: divination: detect items
 36802 | Snake:1  | XOM: give mutations
 36802 | Snake:1  | Lost mutation: You possess an exceptional clarity of mind.
                  | [Xom's mischief]
 36802 | Snake:1  | Gained mutation: You are partially covered in iridescent
                  | scales. (AC +2) [Xom's mischief]
 36871 | Snake:1  | Found a runed translucent gate.
 36871 | Snake:1  | Found a runed translucent gate.
 36871 | Snake:1  | Found a runed translucent gate.
 37088 | Snake:1  | Noticed Nikola
 37099 | Snake:1  | XOM: summons friendly quasit
 37107 | Snake:1  | Killed Nikola
 37356 | Snake:1  | XOM: 2-stop teleportation journey
 37391 | Snake:1  | XOM: scenery: summon butterflies
 37411 | Snake:1  | XOM is BORED!
 37411 | Snake:1  | XOM: noise
 37482 | Snake:1  | XOM: god gift: scroll of brand weapon
 37753 | Snake:1  | XOM: divination: magic mapping
 37874 | Snake:2  | XOM: chaos upgrade
 37944 | Snake:2  | You are sucked into a shaft and drop 1 floor!
 37971 | Snake:3  | XOM: 3-stop teleportation journey
 38222 | Snake:2  | XOM: cloud trail
 38416 | Snake:2  | XOM: divination: detect items
 38558 | Snake:2  | Noticed Aizul
 38569 | Snake:2  | Killed Aizul
 38648 | Snake:2  | XOM: noise
 38685 | Snake:2  | XOM: silly message
 38754 | Snake:3  | XOM: potion effect (haste)
 38853 | Snake:3  | Reached XP level 18. HP: 95/95 MP: 27/32
 38905 | Snake:3  | XOM: god gift: wand of flame (13)
 38946 | Snake:3  | XOM: cloud trail
 39092 | Snake:4  | Entered Level 4 of the Snake Pit
 39103 | Snake:4  | Reached skill level 11 in Fighting
 39154 | Snake:4  | Reached XP level 19. HP: 97/100 MP: 31/33
 39252 | Snake:4  | XOM: confuse monster(s)
 39292 | Snake:4  | XOM: silly message
 39636 | Snake:4  | XOM: blink monster(s)
 39647 | Snake:4  | XOM: divination: magic mapping
 39904 | Snake:4  | XOM: silly message
 39952 | Snake:4  | XOM: silly message
 40050 | Snake:4  | XOM: smoke on damage
 40113 | Snake:4  | XOM: polymorph nagaraja -> emperor scorpion
 40114 | Snake:4  | XOM: potion effect (haste)
 40136 | Snake:4  | XOM: divination: detect items
 40247 | Snake:4  | XOM: cleaving
 40261 | Snake:4  | Got a serpentine rune of Zot
 40678 | Snake:4  | XOM: give mutation
 40678 | Snake:4  | Gained mutation: You possess an exceptional clarity of
                  | mind. [Xom's mischief]
 40801 | Swamp:1  | Entered Level 1 of the Swamp
 40829 | Swamp:1  | XOM: smoke on damage
 40907 | Swamp:1  | XOM: give mutations
 40907 | Swamp:1  | Lost mutation: You have hoof-like feet. [Xom's grace]
 40907 | Swamp:1  | Lost mutation: You have large cloven feet. [Xom's grace]
 40907 | Swamp:1  | Gained mutation: You have sharp toenails. [Xom's grace]
 40907 | Swamp:1  | Gained mutation: You have a pair of small horns on your
                  | head. [Xom's grace]
 40940 | Swamp:1  | Noticed Louise
 40941 | Swamp:1  | Noticed Mlioglotl
 40954 | Swamp:1  | Killed Mlioglotl
 40976 | Swamp:1  | Killed Louise
 41096 | Swamp:1  | Found a transporter.
 41169 | Swamp:1  | Found a transporter.
 41174 | Swamp:1  | Found a bloodstained altar of Trog.
 41174 | Swamp:1  | Noticed IYTBazzie's ghost (journeyman SpFi)
 41494 | Swamp:1  | XOM: polymorph spriggan -> cane toad
 41510 | Swamp:1  | Killed IYTBazzie's ghost
 41511 | Swamp:1  | XOM: confuse monster(s)
 41540 | Swamp:1  | Got Sif Muna's Quarto of Arcane Combat and Open Graves
 41718 | Swamp:2  | Got Fits's Primer on the Rites and Rhymes
 41737 | Swamp:2  | XOM: divination: detect items
 41914 | Swamp:2  | Acquired 842 gold pieces
 42077 | Swamp:3  | XOM: blink monster(s)
 42083 | Swamp:3  | XOM: 2-stop teleportation journey
 42095 | Swamp:3  | XOM: blink monster(s)
 42104 | Swamp:3  | Reached skill level 12 in Fighting
 42113 | Swamp:3  | Reached XP level 20. HP: 76/107 MP: 34/34
 42119 | Swamp:3  | XOM: scenery: summon butterflies
 42163 | Swamp:3  | XOM: destruction
 42185 | Swamp:3  | XOM: polymorph spriggan rider -> merfolk
 42461 | Swamp:3  | XOM: god gift: Egalaeb's Tome of the Squall {god gift}
 42467 | Swamp:3  | Got Egalaeb's Tome of the Squall {god gift}
 42625 | Swamp:3  | Learned a level 3 spell: Swiftness
 42631 | Swamp:3  | Learned a level 5 spell: Silence
 42643 | Swamp:4  | Entered Level 4 of the Swamp
 42746 | Swamp:4  | XOM: cast spell 'Call Canine Familiar'
 42809 | Swamp:4  | Reached skill level 1 in Hexes
 42824 | Swamp:4  | Reached skill level 1 in Air Magic
 42896 | Swamp:4  | Reached skill level 10 in Dodging
 42924 | Swamp:4  | XOM: polymorph thorn hunter -> thorn hunter
 43016 | Swamp:4  | XOM: silly message
 43018 | Swamp:4  | Noticed the 27-headed Lernaean hydra
 43026 | Swamp:4  | XOM: noise
 43033 | Swamp:4  | Killed the 26-headed Lernaean hydra
 43179 | Swamp:4  | XOM: 2-stop teleportation journey
 43254 | Swamp:4  | Got a decaying rune of Zot
 43532 | D:9      | XOM: noise
 43626 | Orc:2    | Bought translucent gold dragon scales for 2295 gold pieces
 43626 | Orc:2    | Identified the +3 gold dragon scales of Howling Wind {rElec
                  | rPois rF+ rC+} (You bought it in a shop on level 2 of the
                  | Orcish Mines)
 43676 | Elf:1    | Entered Level 1 of the Elven Halls
 43691 | Elf:1    | XOM: potion effect (invisibility)
 43789 | Elf:1    | Found Xogrog's Book Shop.
 43837 | Elf:1    | XOM: summons 2 friendly demons
 43840 | Elf:1    | XOM: cleaving
 43995 | Elf:1    | XOM: summons friendly iron imp
 44018 | Elf:1    | XOM: 1-stop teleportation journey
 44175 | Elf:1    | You are sucked into a shaft and drop 1 floor!
 44175 | Elf:2    | Found Oterrexo's Distillery.
 44183 | Elf:2    | XOM: 1-stop teleportation journey
 44213 | Elf:2    | XOM: summons 2 friendly demons
 44289 | Elf:2    | XOM: destruction
 44386 | Elf:2    | XOM: cleaving
 44431 | Elf:2    | Found a runed translucent gate.
 44431 | Elf:2    | Found a runed translucent gate.
 44432 | Elf:2    | Found a runed translucent gate.
 44622 | Elf:2    | XOM: scenery: create altars
 44690 | Elf:2    | XOM: summons friendly ufetubus
 44709 | Elf:2    | Reached XP level 21. HP: 112/112 MP: 36/36
 44759 | Elf:2    | Found Qihaosko's Magic Scroll Boutique.
 44779 | Elf:2    | Bought a scroll of teleportation for 48 gold pieces
 44779 | Elf:2    | Bought a scroll of blinking for 120 gold pieces
 44779 | Elf:2    | Bought a scroll of fear for 64 gold pieces
 44968 | Elf:2    | Found Agayr Bamm's Antique Weapon Boutique.
 44996 | Elf:2    | XOM: god gift: 6 gold pieces
 45190 | Elf:2    | Bought a potion of might for 52 gold pieces
 45433 | Elf:1    | Reached skill level 13 in Fighting
 45684 | Elf:3    | Entered Level 3 of the Elven Halls
 45704 | Elf:3    | XOM: polymorph something unseen -> swamp worm
 45818 | Elf:3    | XOM: god gift: +1 falchion of chaos
 46119 | Elf:3    | XOM: give mutation
 46119 | Elf:3    | Gained mutation: You have sharp fingernails. [Xom's
                  | mischief]
 46133 | Elf:3    | XOM: cast spell 'Dispersal'
 46187 | Elf:3    | Reached skill level 15 in Shields
 46316 | Elf:3    | XOM: potion effect (invisibility)
 46322 | Elf:3    | XOM: chaos upgrade
 46333 | Elf:3    | XOM: cast spell 'Discord'
 46387 | Elf:3    | XOM: cast spell 'Cause Fear'
 46389 | Elf:3    | XOM: noise
 46437 | Elf:3    | XOM: silly message
 46743 | Elf:2    | XOM: cloud trail
 46837 | Elf:3    | XOM: divination: detect creatures
 46911 | Elf:3    | Identified the amulet "Fotablen" {RegenMP rElec rPois}
 46914 | Elf:3    | XOM: potion effect (berserk rage)
 46921 | Elf:3    | Reached skill level 15 in Long Blades
 46956 | Elf:3    | XOM: divination: detect items
 46970 | Elf:3    | Identified the amulet of Cerog {Harm *Corrode rN+ Regen+}
 46973 | Elf:3    | Reached skill level 5 in Air Magic
 46976 | Elf:3    | XOM: enchant monster (bad)
 47077 | Elf:3    | Identified the +5 bardiche of the Whelk {protect, rC+ rN+
                  | Int+2 Dex+2}
 47122 | Elf:3    | XOM: cast spell 'Alistair's Intoxication'
 47128 | Elf:3    | Identified the ring "Qoepue" {rF- Will+ Dex+7}
 47215 | Elf:3    | Got the Grimoire of Battling and Rallying
 47221 | Elf:3    | Identified the +6 dagger of Padats {drain, Int+2 Dex+3}
 47225 | Elf:3    | Got the Cyclopedia of the Prime Tincture
 47300 | Elf:3    | Identified the +2 sling of Recs {drain, Int+3 SInv Stlth+}
 47325 | Elf:3    | XOM: divination: detect creatures
 47405 | Elf:3    | XOM: divination: detect creatures
 47410 | Elf:3    | Reached skill level 5 in Hexes
 47428 | Elf:3    | Identified the +3 hand axe "Kuwe" {venom, rPois Will- Dex-3
                  | SInv}
 47429 | Elf:3    | Identified the +1 ring mail of Jaymac {Regen+ Dex+4}
 47798 | D:13     | XOM: scenery: create altars
 47835 | Vaults:1 | Entered Level 1 of the Vaults
 48067 | Vaults:1 | XOM: polymorph ironbound convoker -> moth of wrath
 48085 | Vaults:1 | Reached XP level 22. HP: 119/119 MP: 37/37
 48255 | Vaults:1 | Noticed Saint Roka
 48260 | Vaults:1 | XOM: blink monster(s)
 48273 | Vaults:1 | Killed Saint Roka
 48373 | Vaults:1 | Reached skill level 14 in Fighting
 48510 | Vaults:1 | XOM: scenery: 2 doors close
 48710 | Vaults:1 | XOM: potion effect (might)
 48839 | Vaults:1 | Noticed Asterion
 48851 | Vaults:1 | Killed Asterion
 48886 | Vaults:1 | XOM: divination: detect items
 48954 | Vaults:1 | XOM: give mutations
 48954 | Vaults:1 | Gained mutation: Your flesh is cold resistant. (rC+) [Xom's
                  | grace]
 48954 | Vaults:1 | Gained mutation: Your flesh is very cold resistant. (rC++)
                  | [Xom's grace]
 48954 | Vaults:1 | Gained mutation: You have razor-sharp toenails. [Xom's
                  | grace]
 48997 | Vaults:1 | Reached skill level 15 in Spellcasting
 49060 | Vaults:1 | XOM: divination: detect creatures
 49232 | Vaults:2 | XOM: cast spell 'Discord'
 49244 | Vaults:2 | Noticed a golden dragon
 49253 | Vaults:2 | XOM: cast spell 'Summon Small Mammal'
 49256 | Vaults:2 | Killed a golden dragon
 49364 | Vaults:2 | XOM: blink monster(s)
 49446 | Vaults:2 | XOM: silly message
 49624 | Vaults:2 | XOM: 2-stop teleportation journey
 49800 | Vaults:2 | XOM: 1-stop teleportation journey
 49842 | Vaults:2 | XOM: god gift: potion of mutation
 49920 | Vaults:2 | XOM: cloud trail
 50549 | Vaults:3 | XOM: cast spell 'Death Channel'
 50578 | Vaults:3 | XOM: 2-stop teleportation journey
 50593 | Vaults:3 | XOM: divination: detect items
 50711 | Vaults:3 | XOM: give mutations
 50711 | Vaults:3 | Lost mutation: Your magical capacity is low. (-10% MP)
                  | [Xom's mischief]
 50711 | Vaults:3 | Lost mutation: You are partially covered in iridescent
                  | scales. (AC +2) [Xom's mischief]
 50711 | Vaults:3 | Lost mutation: You have razor-sharp toenails. [Xom's
                  | mischief]
 50939 | Vaults:3 | Found a staircase to the Crypt.
 51018 | Vaults:3 | Reached skill level 15 in Fighting
 51069 | Vaults:3 | Reached XP level 23. HP: 122/126 MP: 43/43
 51120 | Vaults:3 | XOM: god gift: Fen Folio
 51410 | Vaults:3 | Identified the +1 glaive "Beetlebane" {spect, +Blink Will-
                  | rCorr Int+2}
 51592 | Vaults:4 | XOM: divination: magic mapping
 51608 | Vaults:4 | XOM: give mutations
 51608 | Vaults:4 | Gained mutation: You are somewhat resistant to further
                  | mutation. [Xom's grace]
 51608 | Vaults:4 | Gained mutation: Your mind is acute. (Int +4, Str/Dex -1)
                  | [Xom's grace]
 51608 | Vaults:4 | Lost mutation: You have sharp toenails. [Xom's grace]
 51608 | Vaults:4 | Gained mutation: You have large cloven feet. [Xom's grace]
 51608 | Vaults:4 | Gained mutation: Your spells are a little harder to cast,
                  | but a little more powerful. [Xom's grace]
 51634 | Vaults:4 | Found a flickering gateway to a bazaar.
 51643 | Bazaar   | Entered a bazaar
 51657 | Bazaar   | Found Bonagaan's Book Shoppe.
 51680 | Bazaar   | Found Fihu's Jewellery Emporium.
 51701 | Bazaar   | Found Yjunaf's Armour Shoppe.
 51701 | Bazaar   | Found Arappicvubb's Armour Emporium.
 51769 | Bazaar   | Bought a manual of Fighting for 720 gold pieces
 51787 | Bazaar   | XOM: divination: magic mapping
 51873 | Vaults:4 | XOM: divination: detect creatures
 51946 | Vaults:4 | XOM: give mutations
 51946 | Vaults:4 | Gained mutation: Your flesh is very heat resistant. (rF++)
                  | [Xom's grace]
 51946 | Vaults:4 | Gained mutation: You passively map a small area around you.
                  | [Xom's grace]
 51946 | Vaults:4 | Gained mutation: You are strong-willed. (Will+) [Xom's
                  | grace]
 51946 | Vaults:4 | Gained mutation: You passively map the area around you.
                  | [Xom's grace]
 52119 | Vaults:4 | XOM: god gift: +0 hat
 52164 | Vaults:4 | Noticed Donald
 52171 | Vaults:4 | Donald changed into Donald the emperor scorpion
 52171 | Vaults:4 | Noticed Donald
 52171 | Vaults:4 | XOM: polymorph Donald -> Donald the emperor scorpion
 52175 | Vaults:4 | Donald the emperor scorpion changed into Donald the
                  | catoblepas
 52175 | Vaults:4 | Noticed Donald
 52175 | Vaults:4 | XOM: polymorph Donald the emperor scorpion -> Donald the
                  | catoblepas
 52178 | Vaults:4 | Killed Donald the catoblepas
 52230 | Vaults:4 | Found the +10 morningstar "Eos" {elec, Halo rElec}
 52233 | Vaults:4 | XOM: cleaving
 52234 | Vaults:4 | XOM: 1-stop teleportation journey
 52284 | Vaults:4 | XOM: swap monsters
 52290 | Vaults:4 | Reached skill level 16 in Fighting
 52343 | Vaults:4 | XOM: 1-stop teleportation journey
 52432 | Vaults:4 | XOM: silly message
 52486 | Vaults:4 | XOM: 8-stop teleportation journey
 52989 | Vaults:4 | XOM is BORED!
 52989 | Vaults:4 | XOM: give mutations
 52989 | Vaults:4 | Lost mutation: Your muscles are strong. (Str +4, Int/Dex
                  | -1) [Xom's mischief]
 52989 | Vaults:4 | Lost mutation: Your mind is acute. (Int +4, Str/Dex -1)
                  | [Xom's mischief]
 52989 | Vaults:4 | Lost mutation: You possess an exceptional clarity of mind.
                  | [Xom's mischief]
 52989 | Vaults:4 | Lost mutation: You are somewhat resistant to further
                  | mutation. [Xom's mischief]
 53063 | Vaults:5 | Entered Level 5 of the Vaults
 53066 | Vaults:4 | XOM: blink monster(s)
 53370 | Vaults:4 | XOM: stat loss: -1 Dex (22/23)
 53471 | Vaults:4 | XOM: give mutations
 53471 | Vaults:4 | Lost mutation: You have a pair of small horns on your head.
                  | [Xom's mischief]
 53471 | Vaults:4 | Lost mutation: Your spells are a little harder to cast, but
                  | a little more powerful. [Xom's mischief]
 53475 | Vaults:4 | XOM: divine lightning
 53476 | Vaults:4 | XOM: give mutations
 53476 | Vaults:4 | Lost mutation: You have sharp fingernails. [Xom's mischief]
 53476 | Vaults:4 | Lost mutation: You have large cloven feet. [Xom's mischief]
 53476 | Vaults:4 | Lost mutation: You have a somewhat thin skeletal structure.
                  | (Dex +2, Stealth+) [Xom's mischief]
 53476 | Vaults:4 | Lost mutation: Armour fits poorly on your strangely shaped
                  | body. [Xom's mischief]
 53486 | Vaults:4 | XOM: polymorph vault guard -> four-headed hydra
 53906 | Vaults:5 | XOM: confusion
 53981 | Vaults:4 | XOM: give mutation
 53981 | Vaults:4 | Gained mutation: You are weak. (Str -2) [Xom's mischief]
 54046 | Vaults:5 | XOM: cleaving
 54155 | Vaults:4 | XOM: cloud trail
 54276 | Vaults:5 | XOM: swap monsters
 54302 | Vaults:5 | Reached skill level 17 in Fighting
 54314 | Vaults:5 | XOM: enchant monster (good)
 54315 | Vaults:5 | XOM: scenery: summon butterflies
 54367 | Vaults:5 | XOM: destruction
 54375 | Vaults:5 | XOM: summons 2 friendly demons
 54379 | Vaults:5 | XOM: polymorph ironbound convoker -> shapeshifter
 54383 | Vaults:5 | XOM: cast spell 'Chain of Chaos'
 54386 | Vaults:5 | Reached XP level 24. HP: 103/136 MP: 35/44
 54402 | Vaults:5 | Identified the +1 helmet of Zoumutoa {rF- rN+++ Str+5}
 54453 | Vaults:5 | Identified the +8 glaive "Dragonbane" {protect, rPois
                  | Dex+3}
 54518 | Vaults:5 | XOM: give mutations
 54518 | Vaults:5 | Gained mutation: You have a pair of small horns on your
                  | head. [Xom's mischief]
 54518 | Vaults:5 | Gained mutation: You are dopey. (Int -2) [Xom's mischief]
 54518 | Vaults:5 | Lost mutation: You are dopey. (Int -2) [Xom's mischief]
 54564 | Vaults:5 | Noticed Margery
 54567 | Vaults:5 | Noticed an ancient lich
 54567 | Vaults:5 | XOM: 1-stop teleportation journey
 54578 | Vaults:5 | XOM: 1-stop teleportation journey
 54596 | Vaults:5 | Noticed a dread lich
 54612 | Vaults:5 | Killed a dread lich
 54613 | Vaults:5 | Reached skill level 18 in Fighting
 54690 | Vaults:5 | Identified the ring of Zin's Regard {Fly Str+6 Int+2}
 54837 | Vaults:5 | Identified the +1 scale mail "Pownytz" {Str+5 Dex+3}
 54892 | Vaults:5 | Identified the ring of Juzej {Will++ Str+6}
 54898 | Vaults:5 | Killed an ancient lich
 54909 | Vaults:5 | XOM: blink monster(s)
 54913 | Vaults:5 | XOM: confusion
 54932 | Vaults:5 | XOM: enchant monster (bad)
 54937 | Vaults:5 | Killed Margery
 54937 | Vaults:5 | XOM: summons 2 friendly demons
 55044 | Vaults:5 | Found Unish's Jewellery Shoppe.
 55049 | Vaults:5 | Identified the +0 long sword of the Dead {venom, Fly Dex+2}
 55092 | Vaults:5 | XOM: 3-stop teleportation journey
 55159 | Vaults:5 | Your ally Margery died
 55181 | Vaults:5 | Identified the ring of Helesh {Fly rElec rPois Will- Dex-5}
 55240 | Vaults:5 | Got a silver rune of Zot
 55246 | Vaults:5 | Identified the staff "Ysiat" {Str+2 Conj}
 55336 | Vaults:5 | XOM: give mutation
 55336 | Vaults:5 | Gained mutation: Your flesh is almost immune to the effects
                  | of cold. (rC+++) [Xom's grace]
 55396 | Vaults:5 | XOM: god gift: 58 gold pieces
 55808 | Crypt:1  | Entered Level 1 of the Crypt
 55915 | Crypt:1  | Noticed Zenata
 55931 | Crypt:1  | Killed Zenata
 55952 | Crypt:1  | XOM is BORED!
 55952 | Crypt:1  | XOM: draining
 55960 | Crypt:1  | Identified the ring "Ovokauj" {MP+9 Str+2} (Xom gifted it
                  | to you on level 1 of the Crypt)
 55960 | Crypt:1  | XOM: god gift: ring "Ovokauj" {MP+9 Str+2}
 56011 | Crypt:1  | Reached skill level 19 in Fighting
 56064 | Crypt:1  | Reached skill level 15 in Armour
 56093 | Crypt:1  | Found a transporter.
 56099 | Crypt:1  | Found a one-way gate to the infinite horrors of the Abyss.
 56099 | Crypt:1  | Noticed Igymira's ghost (veteran MiGl)
 56172 | Crypt:1  | Found a transporter.
 56328 | Crypt:1  | Found the ring of the Mage {Wiz Archmagi}
 56420 | Crypt:1  | XOM: divine lightning
 56423 | Crypt:1  | XOM: enchant monster (good)
 56607 | Crypt:1  | XOM: god gift: staff of air
 56655 | Crypt:1  | XOM: summons 8 friendly demons
 56660 | Crypt:1  | XOM: snakes to sticks
 56661 | Crypt:1  | XOM: potion effect (berserk rage)
 56667 | Crypt:1  | XOM: divination: detect creatures
 56672 | Crypt:1  | XOM: silly message
 56682 | Crypt:1  | XOM: potion effect (invisibility)
 56898 | Crypt:1  | XOM: potion effect (haste)
 56911 | Crypt:1  | XOM: silly message
 56918 | Crypt:1  | XOM: silly message
 56924 | Crypt:1  | XOM: potion effect (might)
 56945 | Crypt:1  | Killed Igymira's ghost
 57029 | Crypt:1  | Got the Grimoire of Frozen Moulding
 57057 | Crypt:1  | Identified the +0 hat of the Hurricane {rElec}
 57119 | Crypt:2  | XOM: confuse monster(s)
 57154 | Crypt:2  | XOM: confuse monster(s)
 57171 | Crypt:2  | XOM: confuse monster(s)
 57319 | Crypt:2  | XOM: divination: magic mapping
 57327 | Crypt:2  | XOM: cast spell 'Leda's Liquefaction'
 57347 | Crypt:2  | XOM: divination: detect creatures
 57348 | Crypt:2  | XOM: enchant monster (good)
 57352 | Crypt:2  | XOM: potion effect (brilliance)
 57517 | Crypt:2  | Reached XP level 25. HP: 139/145 MP: 44/44
 57543 | Crypt:2  | XOM: scenery: create altars
 57659 | Crypt:3  | Entered Level 3 of the Crypt
 57678 | Crypt:3  | XOM: god gift: troll leather armour {god gift}
 57724 | Crypt:3  | XOM: scenery: 2 fountains blood, 2 doors close
 57929 | Crypt:3  | XOM: summons friendly crimson imp
 58009 | Crypt:3  | Got the Essays on Shades
 58016 | Crypt:3  | Learned a level 2 spell: Blink
 58017 | Crypt:3  | Identified the staff of the Wraith {Dex+3 Stlth+ Conj}
 58030 | Crypt:3  | XOM: give mutations
 58030 | Crypt:3  | Lost mutation: You have a pair of small horns on your head.
                  | [Xom's mischief]
 58030 | Crypt:3  | Lost mutation: You expend magic power (3 MP) to strengthen
                  | your wands. [Xom's mischief]
 58030 | Crypt:3  | Gained mutation: Your mind is acute. (Int +4, Str/Dex -1)
                  | [Xom's mischief]
 58030 | Crypt:3  | Gained mutation: You passively dampen the noise of your
                  | surroundings. [Xom's mischief]
 58086 | Crypt:3  | XOM: polymorph crimson imp -> lemure
 58139 | Crypt:3  | XOM: enchant monster (bad)
 58161 | Crypt:3  | Reached skill level 1 in Translocations
 58270 | Crypt:3  | Found a staircase to the Tomb.
 58270 | Crypt:3  | Noticed a dread lich
 58284 | Crypt:3  | Killed a dread lich
 58470 | Crypt:3  | XOM: enchant monster (good)
 58530 | Crypt:3  | XOM: give mutations
 58530 | Crypt:3  | Gained mutation: Your flesh is almost immune to the effects
                  | of heat. (rF+++) [Xom's grace]
 58530 | Crypt:3  | Gained mutation: You have hidden genetic potential. [Xom's
                  | grace]
 58530 | Crypt:3  | Gained mutation: Your system is resistant to poisons.
                  | (rPois) [Xom's grace]
 58530 | Crypt:3  | Gained mutation: You possess an exceptional clarity of
                  | mind. [Xom's grace]
 58712 | Crypt:3  | XOM: destruction
 58834 | Crypt:3  | Found an ancient bone altar of Kikubaaqudgha.
 58836 | Crypt:3  | Noticed an ancient lich
 58844 | Crypt:3  | Killed an ancient lich
 58851 | Crypt:3  | Noticed an ancient lich
 58862 | Crypt:3  | XOM: summons friendly ufetubus
 58865 | Crypt:3  | Killed an ancient lich
 58912 | Crypt:3  | XOM: summons 16 friendly demons
 58993 | Crypt:3  | XOM: scenery: 4 doors close
 59344 | Crypt:3  | XOM: scenery: 6 doors close
 59872 | Slime:1  | Entered Level 1 of the Pits of Slime
 59952 | Slime:2  | XOM: god gift: wand of iceblast (1)
 59986 | Slime:5  | Entered Level 5 of the Pits of Slime
 59986 | Slime:5  | XOM: give mutation
 59986 | Slime:5  | Lost mutation: You have hidden genetic potential. [Xom's
                  | mischief]
 60003 | Slime:5  | Paralysed by a floating eye for 3 turns
 60005 | Slime:5  | XOM: summons 2 friendly demons
 60085 | Slime:5  | XOM: divine lightning
 60087 | Slime:5  | Reached skill level 20 in Fighting
 60103 | Slime:5  | Found a viscous altar of Jiyva.
 60104 | Slime:5  | Noticed the Royal Jelly
 60106 | Slime:5  | XOM: summons 3 friendly demons
 60116 | Slime:5  | XOM is BORED!
 60116 | Slime:5  | XOM: swap monsters
 60120 | Slime:5  | XOM: enchant monster (bad)
 60121 | Slime:5  | Killed the Royal Jelly
 60122 | Slime:5  | XOM: divination: detect items
 60130 | Slime:5  | XOM: confuse monster(s)
 60132 | Slime:5  | Your ally the Royal Jelly died
 60240 | Slime:5  | Lost mutation: You possess an exceptional clarity of mind.
                  | [a shining eye]
 60345 | Slime:5  | XOM: noise
 60364 | Slime:5  | Identified the +6 lajatang of Gezuapsili {flame, rElec}
 60499 | Slime:5  | Identified the ring of Soqaf {Fire Fly rPois Int+5}
 60503 | Slime:5  | Identified the staff "Sosket" {rElec Earth}
 60564 | Slime:5  | Identified the +8 short sword of Abomination {elec, rPois
                  | Str+3 Dex+3}
 60570 | Slime:5  | Identified the +6 quarterstaff of the Puffin {elec, Int+5}
 60663 | Slime:5  | Identified the +7 great mace "Foriudi" {elec, Will+}
 60672 | Slime:5  | Got a slimy rune of Zot
 60694 | Slime:5  | XOM: silly message
 61065 | D:12     | XOM: god gift: 28 gold pieces
 61197 | Depths:1 | Entered Level 1 of the Depths
 61438 | Depths:1 | Noticed Norris
 61451 | Depths:1 | Killed Norris
 61466 | Depths:1 | Noticed Mara
 61477 | Depths:1 | Noticed Xavori's illusion
 61485 | Depths:1 | Killed Mara
 61487 | Depths:1 | XOM: summons 6 friendly demons
 61537 | Depths:1 | Noticed Bai Suzhen
 61538 | Depths:1 | XOM: enchant monster (bad)
 61560 | Depths:1 | Killed Bai Suzhen
 61597 | Depths:1 | Found a magical portal.
 61638 | WizLab   | Entered Doroklohe's Tomb
 61670 | WizLab   | XOM: 7-stop teleportation journey
 62163 | WizLab   | Noticed a dread lich
 62181 | WizLab   | Killed a dread lich
 62196 | WizLab   | XOM: butterfly on damage
 62402 | WizLab   | Identified the +9 plate armour of Distant Shores {rPois
                  | Will- Str+4 Dex+9}
 62437 | WizLab   | Identified the +2 cloak of Vuluuno {rElec}
 62448 | WizLab   | XOM: enchant monster (bad)
 62484 | WizLab   | Identified the +3 chain mail of the Stallion {Rampage rC+
                  | Dex-4}
 62498 | WizLab   | Upgraded the game from 0.31-a0-460-g9e667d4245 to
                  | 0.31-a0-466-g98c9adc2b6
 62549 | Depths:1 | XOM: silly message
 62570 | Depths:1 | Found a gateway to Hell.
 62639 | Depths:1 | Reached XP level 26. HP: 153/153 MP: 45/45
 62641 | Depths:1 | Found a one-way gate leading to the halls of Pandemonium.
 62707 | Depths:1 | XOM: 1-stop teleportation journey
 62794 | Depths:1 | XOM: divination: magic mapping
 62904 | Depths:1 | Found the +3 robe of Clouds {*Thunder rCloud rElec}
 62918 | Depths:1 | Reached skill level 5 in Translocations
 63058 | Depths:1 | XOM: enchant monster (bad)
 63097 | Depths:1 | Found a stormy altar of Qazlal.
 63144 | Depths:1 | Identified the staff of Ashenzari's Scorn {Will+ Conj}
 63173 | Depths:1 | XOM: 6-stop teleportation journey
 63348 | Depths:1 | XOM: potion effect (brilliance)
 63515 | Depths:2 | XOM: blink monster(s)
 63528 | Depths:2 | XOM: potion effect (attraction)
 63619 | Depths:2 | Identified the +2 quarterstaff of Kismet {flame, rCorr
                  | Str+2}
 63642 | Depths:2 | XOM: noise
 63751 | Depths:2 | XOM: enchant monster (bad)
 63919 | Depths:2 | Reached skill level 21 in Fighting
 63950 | Depths:2 | Found a sacrificial altar of Ru.
 64029 | Depths:2 | Identified the +1 quarterstaff "Hor Liew" {drain, Will+
                  | Str+2 Int+2}
 64057 | Depths:2 | XOM: potion effect (invisibility)
 64257 | Depths:2 | Identified the staff of Xavori's Painful Death {Fragile rF-
                  | rC+ rCorr Int+9 Ice}
 64670 | Depths:3 | XOM: divination: detect items
 64677 | Depths:3 | XOM: divination: magic mapping
 64774 | Depths:3 | XOM: potion effect (invisibility)
 64778 | Depths:3 | XOM: silly message
 64835 | Depths:3 | XOM: divination: detect items
 64898 | Depths:3 | Identified the +11 shortbow of Vudaul {elec, rPois rC+
                  | Will+}
 65145 | Depths:3 | Reached XP level 27. HP: 160/160 MP: 46/46
 65281 | Depths:3 | Noticed an ancient lich
 65301 | Depths:3 | Killed an ancient lich
 65382 | Depths:3 | Identified the +7 plate armour of a Thousand Knaves {Contam
                  | +Blink rPois Stlth+}
 65417 | Depths:3 | XOM: cast spell 'Leda's Liquefaction'
 65678 | Depths:4 | Entered Level 4 of the Depths
 65758 | Depths:4 | Found a runed translucent door.
 65777 | Depths:4 | Noticed Joiny's ghost (veteran GrGl)
 65940 | Depths:4 | XOM: enchant monster (good)
 65950 | Depths:4 | XOM: 4-stop teleportation journey
 65951 | Depths:4 | XOM: divination: detect creatures
 65956 | Depths:4 | XOM: enchant monster (good)
 65967 | Depths:4 | XOM: summons friendly iron imp
 65971 | Depths:4 | XOM: polymorph iron imp -> quasit
 66076 | Depths:4 | XOM: scenery: summon butterflies
 66096 | Depths:4 | XOM: confuse monster(s)
 66246 | Depths:4 | Found a one-way gateway to a ziggurat.
 66507 | Depths:4 | XOM: swap monsters
 66537 | Depths:4 | Reached skill level 22 in Fighting
 66609 | Depths:4 | Found a gate to the Realm of Zot.
 66734 | Depths:4 | Noticed a juggernaut
 66747 | Depths:4 | Killed a juggernaut
 67099 | Depths:4 | Killed Joiny's ghost
 67163 | Depths:4 | Identified the amulet "Feimofuudd" {rN+ Regen+}
 67282 | Zot:1    | Entered Level 1 of the Realm of Zot
 67323 | Zot:1    | XOM: 1-stop teleportation journey
 67358 | Zot:1    | XOM: polymorph purple draconian -> glowing shapeshifter
 67360 | Zot:1    | XOM: noise
 67414 | Zot:1    | XOM: confusion (+ monsters)
 67458 | Zot:1    | Noticed an orb of fire
 67462 | Zot:1    | XOM: chaos cloud
 67473 | Zot:1    | Killed an orb of fire
 67529 | Zot:1    | XOM: cloud trail
 67609 | Zot:1    | Noticed an orb of fire
 67618 | Zot:1    | Killed an orb of fire
 67642 | Zot:1    | XOM: confusion (+ monsters)
 67652 | Zot:1    | XOM: cast spell 'Call Canine Familiar'
 67959 | Zot:1    | XOM: 3-stop teleportation journey
 68247 | Zot:2    | XOM: cleaving
 68255 | Zot:2    | XOM: potion effect (curing)
 68270 | Zot:2    | XOM: swap monsters
 68296 | Zot:2    | XOM: cast spell 'Call Canine Familiar'
 68316 | Zot:2    | XOM: summons 12 friendly demons
 68463 | Zot:1    | XOM: scenery: create altars
 68474 | Zot:1    | XOM: cleaving
 68481 | Zot:1    | XOM: polymorph white draconian stormcaller -> sphinx
 68552 | Zot:1    | XOM: god gift: ring of protection from fire
 68558 | Zot:2    | XOM: enchant monster (good)
 68575 | Zot:2    | XOM: give mutations
 68575 | Zot:2    | Gained mutation: You have sharp toenails. [Xom's grace]
 68575 | Zot:2    | Gained mutation: You have a pair of small antennae on your
                  | head. [Xom's grace]
 68900 | Zot:2    | XOM: cast spell 'Summon Ice Beast'
 68908 | Zot:2    | XOM: potion effect (invisibility)
 68910 | Zot:2    | XOM: fake destruction
 68920 | Zot:2    | XOM: noise
 69215 | Zot:3    | Identified the +3 hand axe of the Quiescent God {antimagic,
                  | rN++ Int+6 Dex+3}
 69435 | Zot:3    | Noticed an orb of fire
 69456 | Zot:3    | Killed an orb of fire
 69538 | Zot:3    | XOM: cast spell 'Monstrous Menagerie'
 69580 | Zot:3    | You are sucked into a shaft and drop 1 floor!
 69642 | Zot:4    | XOM: silly message
 69802 | Zot:4    | XOM: summons 2 friendly demons
 69806 | Zot:4    | Reached skill level 23 in Fighting
 69866 | Zot:4    | XOM: scenery: create altars
 70207 | Zot:3    | XOM: give mutations
 70207 | Zot:3    | Lost mutation: You are weak. (Str -2) [Xom's mischief]
 70207 | Zot:3    | Lost mutation: You passively dampen the noise of your
                  | surroundings. [Xom's mischief]
 70207 | Zot:3    | Lost mutation: You have a pair of small antennae on your
                  | head. [Xom's mischief]
 70207 | Zot:3    | Lost mutation: Your flesh is almost immune to the effects
                  | of cold. (rC+++) [Xom's mischief]
 70241 | Zot:3    | XOM: blink monster(s)
 70247 | Zot:3    | XOM: noise
 70612 | Zot:3    | XOM: god gift: 62 gold pieces
 70765 | Zot:4    | Noticed an orb of fire
 70768 | Zot:4    | XOM: divination: detect items
 70768 | Zot:4    | Noticed an orb of fire
 70773 | Zot:4    | Killed an orb of fire
 70785 | Zot:4    | Killed an orb of fire
 70793 | Zot:4    | HP: 8/164 [electric golem/bolt of lightning (5)]
 70794 | Zot:4    | HP: 3/164 [tentacled monstrosity (7)]
 70795 | Zot:4    | Slain by a tentacled monstrosity

Illustrated notes

Levels and vault maps discovered:
D:1:      matt_arrival_refuge, layout_basic,
          dreamdust_ecumenical_altar_sealed_demon
D:2:      layout_loops_corners, serial_shops, nicolae_shop_trees,
          minmay_fountain_box
D:3:      layout_basic, minitemple, gup_sewer_entry_glass, uniq_robin
D:4:      layout_loops_corners, hangedman_decor_diamond_cutter, uniq_duvessa
D:5:      layout_cave_pools, serial_park_tiny_1, grunt_decor_fettered,
          grunt_ministairs_9, uniq_sigmund, uniq_crazy_yiuf_cottage, uniq_edmund
D:6:      layout_basic, minmay_temple_entry_ruins, nicolae_ossuary_entry_giza,
          serial_shops, kennysheep_little_box
D:7:      nicolae_cairo_tiling, layout_basic, gammafunk_ghost_hive,
          enter_bailey_4
D:8:      layout_loops_corners, kennysheep_mini_moat, serial_shops,
          nicolae_shop_behind_doors, nicolae_shop_real_fake_doors, shop_statue,
          shop_fountains
D:9:      layout_cave_pods, grunt_lair_entry_orc_guard_hut
D:10:     layout_irregular_city, zombieorc1_lemuel, nicolae_trove_entry_crystal,
          nicolae_two_hexagons, uniq_harold
D:11:     layout_roguey, hangedman_weighted_door, uniq_josephine, uniq_maurice
D:12:     layout_loops_ring, uniq_erolcha, uniq_kirke
D:13:     cheibrodos_histonic, layout_basic, nicolae_ashenzari_skybound,
          uniq_rupert
D:14:     layout_roguey, grunt_vaults_entry_tiered, zin_angel,
          serial_co_window_serial, co_window_paths_a, co_window_paths_a,
          co_window_paths_a, co_window_paths_a, co_window_paths_a,
          co_window_corner_a, co_window_paths_b, co_window_broadway_c,
          co_window_corner_b, co_window_paths_c, glass_columns_a,
          glass_columns_b, glass_columns_c, glass_columns_a, glass_columns_a,
          nicolae_sif_muna_condensation
D:15:     gammafunk_enter_depths_forms, layout_irregular_city,
          serial_park_tiny_1, uniq_agnes, uniq_nessos, uniq_azrael
Lair:1:   layout_regular_city
Lair:2:   layout_loops_ring, portal_ice_cave_rime, serial_bayou_shore_a
Lair:3:   gammafunk_cloud_chamber, layout_misc_corridors,
          minmay_swamp_entry_worms, minmay_snake_entry_guardpost_medium
Lair:4:   layout_cave_pods, gauntlet_entry_generic
Lair:5:   wormcave, layout_long_grid, slime_entry_1
Swamp:1:  layout_basic_swamp, gammafunk_ghost_wrathful_warriors,
          evilmike_swamp_ruin_house_5, swamp_pool4,
          nicolae_swamp_wisp_ring_woods, uniq_louise, uniq_mlioglotl
Swamp:2:  layout_falls_marsh, nicolae_swamp_well_well_well, swamp_pool2,
          infiniplex_staircase_pool
Swamp:3:  layout_basic_swamp, evilmike_swamp_ruin_house_6
Swamp:4:  swamp_old_school, layout_basic_swamp, swamp_pool3
Snake:1:  layout_chambers, nicolae_snake_horde_hoard, uniq_nikola
Snake:2:  layout_basic, uniq_aizul
Snake:3:  layout_cave_town
Snake:4:  grunt_snake_rune_pools, layout_chambers,
          nicolae_snake_serpentine_hallways
Slime:1:  layout_caves, nicolae_slime_phagocytosis
Slime:2:  layout_caves
Slime:3:  cheibrodos_slime_lost_civilization_1, layout_caves
Slime:4:  layout_caves
Slime:5:  slime_pit_nicolae_inversion
Orc:1:    layout_diamond_mine, uniq_fannar, uniq_urug
Orc:2:    st_orc_rangers, layout_caves, nicolae_orc_tapped_out
Elf:1:    elf_arrival_002, layout_loops_corners, serial_shops, shop,
          hangedman_elf_represent, nicolae_elf_glass_and_crystal_pillar_1
Elf:2:    elven_hall_of_blades_hangedman_original
          [nicolae_blade_entry_sentries_behind_glass], layout_loops_corners,
          serial_shops, nicolae_shop_dealshenge, nicolae_shop_behind_doors, shop
Elf:3:    nooodl_elf_gasket, layout_gridlike
Vaults:1: nicolae_vaults_disjoint_gnomons, v_misc_12, hangedman_vaults_trim,
          v_misc_15, v_rooms_1, nicolae_vaults_apartment_1, v_pattern_1,
          nicolae_vaults_sightless_eye, vaults_room_pool,
          layout_vaults_big_room, uniq_saint_roka, uniq_asterion
Vaults:2: nicolae_vaults_off_center_swirl, nicolae_vaults_mitosis,
          nicolae_vaults_heart-shaped_vault, ontoclasm_vaults_ring_small,
          nicolae_vaults_six-pack, nicolae_vaults_tetromino_L_1,
          hangedman_vaults_capsules, v_misc_25, nicolae_vaults_little_squares_1,
          layout_vaults_omnigrid
Vaults:3: minmay_crypt_entry_skeletal_spiral, ontoclasm_vaults_misaligned,
          nicolae_vaults_meiosis, nicolae_vaults_puzzle_piece,
          vaults_dpeg_doors, nicolae_vaults_tangram_2,
          nicolae_vaults_trapezoid_layered, nicolae_vaults_trapezoid_4,
          vaults_mumra_chevron, nicolae_vaults_turnstiles,
          nicolae_vaults_oval_intersection, nicolae_vaults_closet_pinwheel_1,
          vaults_room_fours, nicolae_vaults_storage_closets_3,
          layout_vaults_omnibox
Vaults:4: vaults_room_hallway, nicolae_vaults_offset_grid_hallway_1, v_misc_16,
          nicolae_vaults_stepped_doors, vaults_mumra_minichess,
          vaults_dpeg_diagonal, v_rooms_6, nicolae_vaults_six-pack,
          nicolae_vaults_offset_grid_hallway_3, dpeg_vaults_waves,
          nicolae_vaults_storage_room_water,
          nicolae_vaults_door_testing_chamber, ontoclasm_vaults_chip,
          nicolae_vaults_tetromino_T_2, nicolae_vaults_little_squares_6,
          layout_vaults_ring, serial_shops, bzr_in_the_mist, uniq_donald
Vaults:5: uniq_margery
Crypt:1:  layout_regular_city, gammafunk_ghost_abyssal_escape,
          grunt_megastairs_2, uniq_zenata
Crypt:2:  layout_rooms
Crypt:3:  quadcrypt_mu
Depths:1: regret_index_qazlal_generations, layout_gridlike,
          nicolae_abyss_entry_one_way_or_another, rand_demon_pan_entry_9,
          hell_entry, mu_enter_wizlab_2, serial_curves, eino_curves_01,
          eino_curves_03, uniq_norris, uniq_bai_suzhen, uniq_mara
Depths:2: minmay_swirls_squares, layout_basic, pan_entry, hell_entry,
          nicolae_ru_the_path_less_chosen
Depths:3: hangedman_pleasuredromes, hell_entry, abyss_entry
Depths:4: lemuel_castle_with_subvaults [lemuel_castle_interior_carwin_3],
          layout_cave_pools, enter_ziggurat_e, hell_entry,
          muffindrake_ghost_dead_mans_drink, serial_co_window_serial,
          co_window_corner_a, co_window_corner_a, co_window_paths_b,
          co_window_corner_a, co_window_of_opportunity_a,
          co_window_of_opportunity_a, co_window_corner_a, co_window_cross_1,
          co_window_of_opportunity_a, co_window_paths_c, co_window_corner_cb,
          co_window_of_opportunity_b, co_window_corner_b, co_window_corner_ca,
          co_window_corner_b, co_window_paths_e
Zot:1:    layout_gridlike
Zot:2:    layout_misc_corridors
Zot:3:    layout_misc_corridors, grunt_ministairs_9, st_small_dragon_hoard_1,
          amethyst_zot_foddershock
Zot:4:    layout_basic, guppyfry_library_mini, grunt_megastairs_4,
          uniq_josephina

Skill      XL: |  1  2  3  4  5  6  7  8  9 10 11 12 13 14 15 16 17 18 19 20 21 22 23 24 25 26 27 |
---------------+----------------------------------------------------------------------------------+-----
Long Blades    | 3 4 5 7 9 10 11 12 13 14 15 16 17 18 19 | 19.6
Fighting       | 3 4 5 6 7 8 9 10 11 12 13 15 17 19 20 21 23 | 23.2
Spellcasting   | 1 2 3 4 6 7 8 9 10 11 12 13 14 15 16 17 18 19 | 19.3
Stealth        | 1 2 3 5 6 |  6.8
Armour         | 2 4 7 8 9 10 11 12 13 14 15 16 17 | 17.5
Dodging        | 1 2 3 4 5 6 7 8 9 10 | 10.8
Shields        | 1 2 4 5 8 10 11 12 13 14 15 16 17 18 19 21 | 21.5
Short Blades   | 1 4 5 6 8 |  8.0
Evocations     | 3 4 6 7 8 9 |  9.2
Hexes          | 3 5 |  5.7
Air Magic      | 3 5 6 |  6.0
Translocations | 4 7 8 |  8.0
Shapeshifting  | |  0.2

Action                     |  1- 3 |  4- 6 |  7- 9 | 10-12 | 13-15 | 16-18 | 19-21 | 22-24 | 25-27 || total
---------------------------+-------+-------+-------+-------+-------+-------+-------+-------+-------++-------
  Melee: Falchion          |    66 |   194 |    59 |       |       |       |       |       |       ||   319
         Bite              |    16 |    45 |    99 |   290 |   275 |   225 |   537 |   806 |  1357 ||  3650
         Punch             |       |     1 |       |       |       |       |       |       |       ||     1
         Kick              |       |       |   107 |   290 |   280 |   249 |   145 |       |       ||  1071
         Short sword       |       |       |   261 |   638 |       |       |       |       |       ||   899
         Long sword        |       |       |       |    21 |   333 |       |       |       |       ||   354
         Double sword      |       |       |       |       |   357 |   609 |  1259 |  1521 |  2201 ||  5947
         Headbutt          |       |       |       |       |       |       |   302 |   498 |    35 ||   835
  Evoke: Wand              |       |       |     3 |       |       |       |       |       |     2 ||     5
         Condenser vane    |       |       |       |       |       |       |     2 |       |       ||     2
    Use: Potion            |     3 |       |       |       |       |     1 |     3 |     1 |     4 ||    12
         Scroll            |       |     3 |     7 |     6 |     7 |     3 |     3 |     2 |    15 ||    46
   Stab: Sleeping          |     1 |     1 |    14 |     1 |     1 |     1 |     1 |     3 |       ||    23
         Distracted        |       |     1 |       |       |     9 |    10 |    11 |    21 |    37 ||    89
         Paralysed         |       |       |     2 |       |       |       |       |       |     2 ||     4
         Confused          |       |       |     1 |     1 |     3 |       |     1 |     3 |     6 ||    15
         Invisible         |       |       |       |     3 |       |       |     4 |       |    16 ||    23
         Fleeing           |       |       |       |       |       |       |     1 |       |       ||     1
         Petrified         |       |       |       |       |       |       |       |     7 |       ||     7
 Armour: Leather armour    |    29 |   112 |    81 |       |       |       |       |       |       ||   222
         Plate armour      |       |       |       |   237 |   267 |   283 |   570 |   419 |   908 ||  2684
  Dodge: Dodged            |    42 |   170 |   168 |   204 |   222 |   200 |   402 |   367 |   695 ||  2470
  Block: Buckler           |       |       |    77 |   106 |       |       |       |       |       ||   183
         Kite shield       |       |       |       |   164 |   781 |   638 |   992 |  1133 |  1601 ||  5309

Table legend: (Time is in decaauts)
 A = Elapsed time spent in this place.
 B = Non-inter-level travel time spent in this place.
 C = Inter-level travel time spent in this place.
 D = Time resting spent in this place.
 E = Time spent auto-exploring this place.
 F = Levels seen in this place.
 G = Mean time per level.
                   A        B        C        D        E       F      G
               +--------+--------+--------+--------+--------+-----+--------+
         Total |  69359 |  64674 |   4685 |  18749 |  32149 |  62 | 1118.7 |
       Dungeon |  29952 |  27920 |   2032 |  15914 |   9102 |  15 | 1996.8 |
          Lair |   4635 |   3906 |    729 |      8 |   3038 |   5 |  927.0 |
         Swamp |   2555 |   2397 |    158 |     11 |   1636 |   4 |  638.8 |
     Snake Pit |   4034 |   3827 |    207 |     99 |   2805 |   4 | 1008.5 |
    Slime Pits |    959 |    902 |     57 |     85 |    390 |   5 |  191.8 |
  Orcish Mines |   1101 |    824 |    277 |      0 |    589 |   2 |  550.5 |
   Elven Halls |   3859 |   3630 |    229 |    422 |   2152 |   3 | 1286.3 |
        Vaults |   7634 |   7212 |    422 |   1109 |   4181 |   5 | 1526.8 |
         Crypt |   3496 |   3211 |    285 |    189 |   2119 |   3 | 1165.3 |
        Depths |   4943 |   4766 |    177 |      7 |   3291 |   4 | 1235.8 |
           Zot |   3365 |   3259 |    106 |    432 |   1840 |   4 |  841.2 |
        Bazaar |    166 |    166 |      0 |      0 |     57 |   1 |  166.0 |
         Trove |     69 |     69 |      0 |      0 |      3 |   1 |   69.0 |
         Sewer |    214 |    214 |      0 |      0 |    137 |   1 |  214.0 |
       Ossuary |    219 |    219 |      0 |      0 |     85 |   1 |  219.0 |
        Bailey |    543 |    543 |      0 |      0 |    265 |   1 |  543.0 |
      Ice Cave |    478 |    478 |      0 |      0 |    284 |   1 |  478.0 |
        Wizlab |    851 |    851 |      0 |    471 |    157 |   1 |  851.0 |
      Gauntlet |    277 |    277 |      0 |      0 |     14 |   1 |  277.0 |
               +--------+--------+--------+--------+--------+-----+--------+

Top non-repeatable levels by time:
     D:1: 9290 daAuts
     D:2: 6292 daAuts
Vaults:4: 2459 daAuts
     D:3: 2352 daAuts
 Crypt:3: 1713 daAuts
     D:4: 1618 daAuts
   Elf:3: 1563 daAuts
Depths:4: 1521 daAuts
 Snake:4: 1520 daAuts
Vaults:5: 1441 daAuts
Vaults:1: 1334 daAuts
   Elf:2: 1327 daAuts
Depths:1: 1303 daAuts
 Crypt:1: 1261 daAuts
Vaults:3: 1256 daAuts
